Workbook
Name AN: [1]Data!$IB$400
Name AP: [1]Data!$IB$376
Name AR: [1]Data!$IB$404
Name AS: [1]Data!$IB$406
Name BR: [1]Data!$IB$384
Name CH: [1]Data!$IB$399
Name COUNTRY: OFFSET(Table2[[#Headers],[Country]],1,0,COUNTA(WorldMap!$A:$A)-1,1)
Name CT: [1]Data!$IB$383
Name DD: [1]Data!$IB$401
Name DL: [1]Data!$IB$402
Name DN: [1]Data!$IB$407
Name GJ: [1]Data!$IB$381
Name GO: [1]Data!$IB$378
Name HP: [1]Data!$IB$388
Name HR: [1]Data!$IB$387
Name JH: [1]Data!$IB$385
Name JK: [1]Data!$IB$389
Name KA: [1]Data!$IB$375
Name KL: [1]Data!$IB$374
Name LD: [1]Data!$IB$403
Name MH: [1]Data!$IB$380
Name ML: [1]Data!$IB$391
Name MN: [1]Data!$IB$390
Name MP: [1]Data!$IB$382
Name MZ: [1]Data!$IB$392
Name NL: [1]Data!$IB$393
Name OD: [1]Data!$IB$379
Name OIL: OFFSET(Table2[[#Headers],[Oil Production in thousands of barrels per day]],1,0,COUNTA(WorldMap!$A:$A)-1,1)
Name PB: [1]Data!$IB$394
Name PD: [1]Data!$IB$377
Name RJ: [1]Data!$IB$386
Name SK: [1]Data!$IB$395
Name Slicer_Region: #N/A
Name TE: [1]Data!$IB$408
Name TN: [1]Data!$IB$373
Name TR: [1]Data!$IB$396
Name UP: [1]Data!$IB$397
Name UT: [1]Data!$IB$405
Name WB: [1]Data!$IB$398

Sheet exped
A1: Transid | B1: Date | C1: Place | D1: Product | E1: Display | F1: QUANTITY | G1: REVENUE
A2: 1 | B2: 36128 | C2: Paris | D2: Exploring in 10 Easy Lessons | E2: Store | F2: 4 | G2: 80
A3: 2 | B3: 36087 | C3: London | D3: Camel saddle | E3: Catalog | F3: 3 | G3: 1794
A4: 3 | B4: 36105 | C4: Paris | D4: Compass | E4: Store | F4: 2 | G4: 16
A5: 4 | B5: 36003 | C5: London | D5: Geo positioning system | E5: Store | F5: 3 | G5: 885
A6: 5 | B6: 36011 | C6: Paris | D6: Hammock | E6: Store | F6: 3 | G6: 165
A7: 6 | B7: 36013 | C7: Paris | D7: Camel saddle | E7: Store | F7: 2 | G7: 1196
A8: 7 | B8: 35972 | C8: Paris | D8: Geo positioning system | E8: Store | F8: 2 | G8: 590
A9: 8 | B9: 35925 | C9: London | D9: Geo positioning system | E9: Store | F9: 5 | G9: 1475
A10: 9 | B10: 36101 | C10: Paris | D10: Hammock | E10: Store | F10: 3 | G10: 165
A11: 10 | B11: 36086 | C11: London | D11: Camel saddle | E11: Catalog | F11: 4 | G11: 2392
A12: 11 | B12: 35991 | C12: London | D12: Boots - snakeproof | E12: Store | F12: 2 | G12: 190
A13: 12 | B13: 36051 | C13: Paris | D13: Geo positioning system | E13: Store | F13: 2 | G13: 590
... A1001: 1000 | B1001: 35998 | C1001: New York | D1001: Boots - snakeproof | E1001: Web | F1001: 4 | G1001: 380

Sheet Emp
A1: EmpID | B1: Full Name | C1: Supervisor | D1: Company | E1: Date Hired | F1: Yrs Service | G1: Dept Code | H1: Type | I1: Region | J1: City | K1: State | L1: Postal | M1: Country | N1: Email
A2: 1 | B2: Akyuz,Aaron Spencer | C2: Flores,John Markham | D2: Marsh | E2: 33285 | F2: =(TODAY()-E2)/365.25 -> 34.96783 | G2: CTI302 | H2: E | I2: EMEA | J2: Edinburgh | L2: EH3 9EP | M2: United Kingdom | N2: aaron.spencer.akyuz@marsh.com
A3: 2 | B3: Anderson,Abdrahman | C3: Kelly,Daniel | D3: Guy Carpenter | E3: 35765 | F3: =(TODAY()-E3)/365.25 -> 28.17796 | G3: CTI302 | H3: E | I3: Americas | J3: New York | K3: NY | L3: 10036-2708 | M3: United States | N3: abdrahman.anderson@guycarp.com
A4: 3 | B4: Ashoka,Abhishek | C4: Kelly,Daniel | D4: Guy Carpenter | E4: 36819 | F4: =(TODAY()-E4)/365.25 -> 25.292266 | G4: CTI302 | H4: E | I4: EMEA | J4: Tallinn | M4: Estonia | N4: abhishek.ashoka@guycarp.com
A5: 4 | B5: Childs,Adam | C5: Lenton,Samuel | D5: Mercer | E5: 36759 | F5: =(TODAY()-E5)/365.25 -> 25.456537 | G5: CTI302 | H5: N | I5: EMEA | J5: Yerwada | L5: 411006 | M5: India | N5: adam.childs@mercer.com
A6: 5 | B6: Earnhardt,Adam T. | C6: Lenton,Samuel | D6: Marsh | E6: 35367 | F6: =(TODAY()-E6)/365.25 -> 29.267625 | G6: CTI331 | H6: E | I6: EMEA | J6: Melbourne | K6: VIC | L6: 3000 | M6: Australia | N6: adam.t.earnhardt@marsh.com
A7: 6 | B7: Foley,Alain | C7: Flores,John Markham | D7: Mercer | E7: 36722 | F7: =(TODAY()-E7)/365.25 -> 25.557837 | G7: CTI302 | H7: E | I7: Americas | J7: Hamilton | L7: HM12 | M7: Bermuda | N7: alain.foley@mercer.com
A8: 7 | B8: Kumar,Aldo | C8: Kelly,Daniel | D8: Marsh | E8: 36760 | F8: =(TODAY()-E8)/365.25 -> 25.453799 | G8: CTI302 | H8: E | I8: EMEA | J8: Manama | M8: Bahrain | N8: aldo.kumar@marsh.com
A9: 8 | B9: LeCompte,Alexander T | C9: Cruz,Kathleen M | D9: Oliver Wyman Group | E9: 35809 | F9: =(TODAY()-E9)/365.25 -> 28.057495 | G9: D08708 | H9: E | I9: EMEA | J9: Cape Town | L9: 8000 | M9: South Africa | N9: alexander.t.lecompte@oliverwyman.com
A10: 9 | B10: Marcuse,Alexandre Penha | C10: Flores,John Markham | D10: Guy Carpenter | E10: 35856 | F10: =(TODAY()-E10)/365.25 -> 27.928816 | G10: CTI302 | H10: E | I10: Asia Pacific | J10: Sydney | K10: NSW | L10: 2000 | M10: Australia | N10: alexandre.penha.marcuse@guycarp.com
A11: 10 | B11: Olson,Alexey | C11: Lenton,Samuel | D11: Marsh | E11: 36725 | F11: =(TODAY()-E11)/365.25 -> 25.549624 | G11: CTI302 | H11: E | I11: Americas | J11: Hoboken | K11: NJ | L11: 07030-5792 | M11: United States | N11: alexey.olson@marsh.com
A12: 11 | B12: Padmanabhan,Andrew | C12: Kelly,Daniel | D12: Marsh | E12: 35890 | F12: =(TODAY()-E12)/365.25 -> 27.835729 | G12: CTI302 | H12: E | I12: EMEA | J12: Madrid | L12: 28046 | M12: Spain | N12: andrew.padmanabhan@marsh.com
A13: 12 | B13: Philip,Andrew D | D13: Marsh | E13: 36731 | F13: =(TODAY()-E13)/365.25 -> 25.533196 | G13: CTI331 | H13: E | I13: Americas | J13: Sao Paulo | L13: 04583-904 | M13: Brazil | N13: andrew.d.philip@marsh.com
A14: 13 | B14: Rajendran,Anil | C14: Flores,John Markham | D14: Marsh | E14: 35862 | F14: =(TODAY()-E14)/365.25 -> 27.912389 | G14: CTI302 | H14: N | I14: EMEA | J14: Riyadh | L14: 11583 | M14: Saudi Arabia | N14: anil.rajendran@marsh.com
A15: 14 | B15: Thangavelu,Anthony Vaughan | C15: Kelly,Daniel | D15: Marsh | E15: 35838 | F15: =(TODAY()-E15)/365.25 -> 27.978097 | G15: CTI302 | H15: E | I15: EMEA | J15: London | L15: W1U 8EW | M15: United Kingdom | N15: anthony.vaughan.thangavelu@marsh.com
A16: 15 | B16: Trivedi,Anupama | C16: Flores,John Markham | D16: Marsh | E16: 36752 | F16: =(TODAY()-E16)/365.25 -> 25.475702 | G16: CTI302 | H16: E | I16: EMEA | J16: London | L16: EC3R 5BU | M16: United Kingdom | N16: anupama.trivedi@marsh.com
A17: 16 | B17: Trotter,Arethea Y | C17: Flores,John Markham | D17: Mercer | E17: 36816 | F17: =(TODAY()-E17)/365.25 -> 25.300479 | G17: CTI302 | H17: N | I17: EMEA | J17: London | L17: EC3R 5BU | M17: United Kingdom | N17: arethea.y.trotter@mercer.com
A18: 17 | B18: Vashishtha,Arun | C18: Flores,John Markham | D18: Marsh | E18: 33778 | F18: =(TODAY()-E18)/365.25 -> 33.61807 | G18: CTI302 | H18: E | I18: Asia Pacific | J18: Kuala Lumpur | L18: 59000 | M18: Malaysia | N18: arun.vashishtha@marsh.com
A19: 18 | B19: Adams,Augustine C. | C19: Smith,Ellen | D19: Corporate | E19: 36732 | F19: =(TODAY()-E19)/365.25 -> 25.530459 | G19: CTI316 | H19: E | I19: Americas | J19: Austin | K19: TX | L19: 78759 | M19: United States | N19: augustine.c.adams@mmc.com
A20: 19 | B20: Andrew,Augustus M | C20: Khator,Daniel M | D20: Oliver Wyman Group | E20: 34063 | F20: =(TODAY()-E20)/365.25 -> 32.837782 | G20: 51392 | H20: E | I20: Americas | J20: King of Prussia | K20: PA | L20: 19406 | M20: United States | N20: augustus.m.andrew@oliverwyman.com
A21: 20 | B21: Arms,Balaji | C21: Smith,Ellen | D21: Mercer | E21: 36739 | F21: =(TODAY()-E21)/365.25 -> 25.511294 | G21: CTI319 | H21: E | I21: EMEA | J21: Espoo | L21: 2170 | M21: Finland | N21: balaji.arms@mercer.com
A22: 21 | B22: Bacon,Borja | C22: Stergiou,Omar Farooq | D22: Mercer | E22: 36408 | F22: =(TODAY()-E22)/365.25 -> 26.417522 | G22: 51392 | H22: E | I22: EMEA | J22: Espoo | L22: 2170 | M22: Finland | N22: borja.bacon@mercer.com
A23: 22 | B23: Baker,Brian | C23: Gildea,Christine | D23: Mercer | E23: 36753 | F23: =(TODAY()-E23)/365.25 -> 25.472964 | G23: D08709 | H23: E | I23: Americas | J23: Winnipeg | K23: MB | L23: R3B 0X3 | M23: Canada | N23: brian.baker@mercer.com
A24: 23 | B24: Battula,Brian | C24: Sharma,Elizabeth B | D24: Marsh | E24: 35835 | F24: =(TODAY()-E24)/365.25 -> 27.986311 | G24: CTI316 | H24: E | I24: Asia Pacific | J24: London | L24: EC3R 5BU | M24: United Kingdom | N24: brian.battula@marsh.com
A25: 24 | B25: Bellanti,Brian T | C25: Sharma,Elizabeth B | D25: Marsh | E25: 35900 | F25: =(TODAY()-E25)/365.25 -> 27.80835 | G25: CTI316 | H25: N | I25: Americas | J25: Bogota | M25: Colombia | N25: brian.t.bellanti@marsh.com
A26: 25 | B26: Brunaccini,Bunyamin | C26: Sharma,Elizabeth B | D26: Marsh | E26: 34056 | F26: =(TODAY()-E26)/365.25 -> 32.856947 | G26: CTI316 | H26: E | I26: EMEA | J26: Frankfurt | L26: 60528 | M26: Germany | N26: bunyamin.brunaccini@marsh.com
A27: 26 | B27: Burg,Calvin | C27: Smith,Ellen | D27: Marsh | E27: 36775 | F27: =(TODAY()-E27)/365.25 -> 25.412731 | G27: K70784 | H27: E | I27: EMEA | J27: Rotterdam | L27: 3013AP | M27: Netherlands | N27: calvin.burg@marsh.com
A28: 27 | B28: Cam,Heloise E | C28: Sharma,Elizabeth B | D28: Mercer | E28: 35767 | F28: =(TODAY()-E28)/365.25 -> 28.172485 | G28: CTI320 | H28: E | I28: Americas | J28: Bogota | M28: Colombia | N28: catherine.e.cam@mercer.com
A29: 28 | B29: Chung,Chandresh | C29: Smith,Ellen | D29: Mercer | E29: 35831 | F29: =(TODAY()-E29)/365.25 -> 27.997262 | G29: 52687 | H29: E | I29: EMEA | J29: London | L29: W1U 8EW | M29: United Kingdom | N29: chandresh.chung@mercer.com
A30: 29 | B30: Dhadwal,Chau | C30: Gildea,Christine | D30: Mercer | E30: 36782 | F30: =(TODAY()-E30)/365.25 -> 25.393566 | G30: CTI320 | H30: E | I30: Americas | J30: Hayward | K30: WI | L30: 54843 | M30: United States | N30: chau.dhadwal@mercer.com
A31: 30 | B31: Dutta,Chris | C31: Gildea,Christine | D31: Marsh | E31: 36738 | F31: =(TODAY()-E31)/365.25 -> 25.514031 | G31: CTI316 | H31: E | I31: EMEA | J31: Poznan | L31: PL61771 | M31: Poland | N31: chris.dutta@marsh.com
A32: 31 | B32: Genberg,Chrisovalandis | C32: Stergiou,Omar Farooq | D32: Oliver Wyman Group | E32: 36742 | F32: =(TODAY()-E32)/365.25 -> 25.50308 | G32: CTI334 | H32: E | I32: Asia Pacific | J32: Bangkok | L32: 10120 | M32: Thailand | N32: chrisovalandis.genberg@oliverwyman.com
A33: 32 | B33: Gildea,Christine | C33: Gildea,Christine | D33: Marsh | E33: 36720 | F33: =(TODAY()-E33)/365.25 -> 25.563313 | G33: CTI316 | H33: E | I33: Asia Pacific | J33: Melbourne | K33: VIC | L33: 3000 | M33: Australia | N33: christine.gildea@marsh.com
A34: 33 | B34: Gmoser,Christopher D | C34: Khator,Daniel M | D34: Mercer | E34: 34831 | F34: =(TODAY()-E34)/365.25 -> 30.735113 | G34: DEU240 | H34: E | I34: Americas | J34: Seattle | K34: WA | L34: 98101 | M34: United States | N34: christopher.d.gmoser@mercer.com
A35: 34 | B35: Gosain,C-John | C35: Gildea,Christine | D35: Corporate | E35: 35790 | F35: =(TODAY()-E35)/365.25 -> 28.109514 | G35: CTI316 | H35: E | I35: Americas | J35: Kitchener | K35: ON | L35: N2G 2W1 | M35: Canada | N35: c-john.gosain@mmc.com
A36: 35 | B36: Gupta,Clayton | C36: Khator,Daniel M | D36: Marsh | E36: 35871 | F36: =(TODAY()-E36)/365.25 -> 27.887748 | G36: CTI316 | H36: N | I36: Americas | J36: Los Angeles | K36: CA | L36: 90017-5822 | M36: United States | N36: clayton.gupta@marsh.com
A37: 36 | B37: Hadley,Clinton | C37: Gildea,Christine | D37: Corporate | E37: 35814 | F37: =(TODAY()-E37)/365.25 -> 28.043806 | G37: MX0144 | H37: E | I37: Americas | J37: Sao Paulo | L37: 04583-904 | M37: Brazil | N37: clinton.hadley@mmc.com
A38: 37 | B38: Hicks,Cody Elwood | C38: Bryant,Ivan | D38: Mercer | E38: 35352 | F38: =(TODAY()-E38)/365.25 -> 29.308693 | G38: 51233 | H38: E | I38: EMEA | J38: Tunis | L38: 1002 | M38: Tunisia | N38: cody.elwood.hicks@mercer.com
A39: 38 | B39: Isoor,Colette | C39: Gildea,Christine | D39: Marsh | E39: 34836 | F39: =(TODAY()-E39)/365.25 -> 30.721424 | G39: CTI316 | H39: E | I39: EMEA | J39: Manama | M39: Bahrain | N39: colette.isoor@marsh.com
A40: 39 | B40: Jackson,Corey | C40: Khator,Daniel M | D40: Mercer | E40: 36741 | F40: =(TODAY()-E40)/365.25 -> 25.505818 | G40: CTI319 | H40: E | I40: EMEA | J40: Cairo | L40: 12411 | M40: Egypt | N40: corey.jackson@mercer.com
A41: 40 | B41: Jamil,Courtney | C41: Kelly,Daniel | D41: Mercer | E41: 32889 | F41: =(TODAY()-E41)/365.25 -> 36.052019 | G41: CTI316 | H41: E | I41: Asia Pacific | J41: Jakarta | L41: 10270 | M41: Indonesia | N41: courtney.jamil@mercer.com
A42: 41 | B42: Jones,Cynthia | C42: Kelly,Daniel | D42: Guy Carpenter | E42: 34074 | F42: =(TODAY()-E42)/365.25 -> 32.807666 | G42: 51392 | H42: N | I42: EMEA | J42: Cairo | L42: 12411 | M42: Egypt | N42: cynthia.jones@guycarp.com
A43: 42 | B43: Keefe,Dan | C43: Kelly,Daniel | D43: Marsh | E43: 34839 | F43: =(TODAY()-E43)/365.25 -> 30.71321 | G43: CTI316 | H43: E | I43: Americas | J43: Dallas | K43: TX | L43: 75251 | M43: United States | N43: dan.keefe@marsh.com
A44: 43 | B44: Kelly,Daniel | C44: Kelly,Daniel | D44: Mercer | E44: 34084 | F44: =(TODAY()-E44)/365.25 -> 32.780287 | G44: 51487 | H44: N | I44: EMEA | J44: Madrid | L44: 28046 | M44: Spain | N44: daniel.kelly@mercer.com
A45: 44 | B45: Khator,Daniel M | C45: Bryant,Ivan | D45: Mercer | E45: 36777 | F45: =(TODAY()-E45)/365.25 -> 25.407255 | G45: CTI316 | H45: E | I45: Asia Pacific | J45: Taipei | L45: 104 | M45: Taiwan | N45: daniel.m.khator@mercer.com
A46: 45 | B46: Kinsley,Darlene J | C46: Stergiou,Omar Farooq | D46: Mercer | E46: 35356 | F46: =(TODAY()-E46)/365.25 -> 29.297741 | G46: 51790 | H46: E | I46: EMEA | J46: London | L46: EC3M 6BV | M46: United Kingdom | N46: darlene.j.kinsley@mercer.com
A47: 46 | B47: Kroussoratis,David | C47: Kelly,Daniel | D47: Mercer | E47: 35866 | F47: =(TODAY()-E47)/365.25 -> 27.901437 | G47: 51487 | H47: E | I47: Americas | J47: Denver | K47: CO | L47: 80202-5534 | M47: United States | N47: david.kroussoratis@mercer.com
A48: 47 | B48: Kuykendall,David | C48: Stergiou,Omar Farooq | D48: Marsh | E48: 35347 | F48: =(TODAY()-E48)/365.25 -> 29.322382 | G48: CTI334 | H48: E | I48: EMEA | J48: Amstelveen | L48: 1185 XR | M48: Netherlands | N48: david.kuykendall@marsh.com
A49: 48 | B49: Lee,David | C49: Gildea,Christine | D49: Marsh | E49: 35786 | F49: =(TODAY()-E49)/365.25 -> 28.120465 | G49: CTI320 | H49: N | I49: Asia Pacific | J49: Kuala Lumpur | L49: 59000 | M49: Malaysia | N49: david.lee@marsh.com
A50: 49 | B50: Livingston,David | C50: Gildea,Christine | D50: Guy Carpenter | E50: 33289 | F50: =(TODAY()-E50)/365.25 -> 34.956879 | G50: CTI316 | H50: E | I50: Americas | J50: Urbandale | K50: IA | L50: 50398 | M50: United States | N50: david.livingston@guycarp.com
A51: 50 | B51: Milagres,David | C51: Smith,Ellen | D51: Mercer | E51: 35794 | F51: =(TODAY()-E51)/365.25 -> 28.098563 | G51: 52092 | H51: E | I51: EMEA | J51: London | L51: EC3R 5BU | M51: United Kingdom | N51: david.milagres@mercer.com
A52: 51 | B52: Mishra,David Alan | C52: Sharma,Elizabeth B | D52: Mercer | E52: 34072 | F52: =(TODAY()-E52)/365.25 -> 32.813142 | G52: CTI316 | H52: E | I52: EMEA | J52: Noida | K52: UP | L52: 201301 | M52: India | N52: david.alan.mishra@mercer.com
A53: 52 | B53: Moilan,David William James | C53: Sharma,Elizabeth B | D53: Marsh | E53: 36829 | F53: =(TODAY()-E53)/365.25 -> 25.264887 | G53: CTI334 | H53: E | I53: EMEA | J53: Yerwada | L53: 411006 | M53: India | N53: david.william.james.moilan@marsh.com
A54: 53 | B54: Nasim,Dean | C54: Sharma,Elizabeth B | D54: Oliver Wyman Group | E54: 35782 | F54: =(TODAY()-E54)/365.25 -> 28.131417 | G54: CTI308 | H54: E | I54: Asia Pacific | J54: Melbourne | K54: VIC | L54: 3000 | M54: Australia | N54: dean.nasim@oliverwyman.com
A55: 54 | B55: Nepecks,Debbie L | C55: Bryant,Ivan | D55: Marsh | E55: 34851 | F55: =(TODAY()-E55)/365.25 -> 30.680356 | G55: D08708 | H55: E | I55: Americas | J55: Monterrey | L55: 66267 | M55: Mexico | N55: debbie.l.nepecks@marsh.com
A56: 55 | B56: Nguyen,Denis | C56: Smith,Ellen | D56: Mercer | E56: 36813 | F56: =(TODAY()-E56)/365.25 -> 25.308693 | G56: CTI316 | H56: E | I56: EMEA | J56: Geneva | M56: Switzerland | N56: denis.nguyen@mercer.com
A57: 56 | B57: Osborne,Dennis | C57: Jones,Cynthia | D57: Marsh | E57: 36728 | F57: =(TODAY()-E57)/365.25 -> 25.54141 | G57: CTI319 | H57: E | I57: Asia Pacific | J57: Hong Kong | K57: H | L57: NA | M57: Hong Kong | N57: dennis.osborne@marsh.com
A58: 57 | B58: Osinski,Dennis William | C58: Bryant,Ivan | D58: Marsh | E58: 36833 | F58: =(TODAY()-E58)/365.25 -> 25.253936 | G58: CTI322 | H58: E | I58: EMEA | J58: Kolkata | L58: 700091 | M58: India | N58: dennis.william.osinski@marsh.com
A59: 58 | B59: Palmgren,Diane G | C59: Jones,Cynthia | D59: Mercer | E59: 36780 | F59: =(TODAY()-E59)/365.25 -> 25.399042 | G59: CTI316 | H59: E | I59: Asia Pacific | J59: Dalian | L59: 116001 | M59: China | N59: diane.g.palmgren@mercer.com
A60: 59 | B60: River,Sam | D60: Marsh | E60: 35818 | F60: =(TODAY()-E60)/365.25 -> 28.032854 | G60: CTI326 | H60: E | I60: Americas | J60: Montreal | K60: QC | L60: H3A 3T4 | M60: Canada | N60: sam.river@marsh.com
A61: 60 | B61: Quinn,Donald W. | C61: Jones,Cynthia | D61: Marsh | E61: 35345 | F61: =(TODAY()-E61)/365.25 -> 29.327858 | G61: CTI316 | H61: E | I61: Asia Pacific | J61: Taipei | L61: 104 | M61: Taiwan | N61: donald.w.quinn@marsh.com
A62: 61 | B62: Qurashi,Donnell | C62: Stergiou,Omar Farooq | D62: Marsh | E62: 35783 | F62: =(TODAY()-E62)/365.25 -> 28.128679 | G62: CTI316 | H62: E | I62: EMEA | J62: Dubai | M62: United Arab Emirates | N62: donnell.qurashi@marsh.com
A63: 62 | B63: Reade,Duncan | C63: Jones,Cynthia | D63: Oliver Wyman Group | E63: 34073 | F63: =(TODAY()-E63)/365.25 -> 32.810404 | G63: D08709 | H63: E | I63: EMEA | J63: Bilbao | L63: 48011 | M63: Spain | N63: duncan.reade@oliverwyman.com
A64: 63 | B64: Reeves,Dustin | C64: Bryant,Ivan | D64: Marsh | E64: 35784 | F64: =(TODAY()-E64)/365.25 -> 28.125941 | G64: CTI334 | H64: E | I64: Americas | J64: Lima | L64: 27 | M64: Peru | N64: dustin.reeves@marsh.com
A65: 64 | B65: Rigsby,Dwyane | C65: Jones,Cynthia | D65: Corporate | E65: 35779 | F65: =(TODAY()-E65)/365.25 -> 28.13963 | G65: CTI334 | H65: N | I65: EMEA | J65: Pune | M65: India | N65: dwyane.rigsby@mmc.com
A66: 65 | B66: Rodrigues,Eduardo | C66: Jones,Cynthia | D66: Corporate | E66: 34050 | F66: =(TODAY()-E66)/365.25 -> 32.873374 | G66: 52092 | H66: E | I66: EMEA | J66: Manama | M66: Bahrain | N66: eduardo.rodrigues@mmc.com
A67: 66 | B67: Rooney,Edwin | C67: Khator,Daniel M | D67: Marsh | E67: 33772 | F67: =(TODAY()-E67)/365.25 -> 33.634497 | G67: 51392 | H67: E | I67: EMEA | J67: Milan | L67: 20158 | M67: Italy | N67: edwin.rooney@marsh.com
A68: 67 | B68: Saini,Eliezer | C68: Avis,Harry G | D68: Marsh | E68: 36842 | F68: =(TODAY()-E68)/365.25 -> 25.229295 | G68: CTI316 | H68: E | I68: EMEA | J68: Reading | K68: BERKS | L68: RG7 4BY | M68: United Kingdom | N68: eliezer.saini@marsh.com
A69: 68 | B69: Sharma,Elizabeth B | C69: Kelly,Daniel | D69: Mercer | E69: 35349 | F69: =(TODAY()-E69)/365.25 -> 29.316906 | G69: CTI316 | H69: E | I69: EMEA | J69: Sofia | L69: BL113 | M69: Bulgaria | N69: elizabeth.b.sharma@mercer.com
A70: 69 | B70: Smith,Ellen | C70: Kelly,Daniel | D70: Marsh | E70: 35363 | F70: =(TODAY()-E70)/365.25 -> 29.278576 | G70: CTI335 | H70: E | I70: Asia Pacific | J70: Dalian | L70: 116001 | M70: China | N70: ellen.smith@marsh.com
A71: 70 | B71: Srinivasan,Emma | C71: Smith,Ellen | D71: Mercer | E71: 35812 | F71: =(TODAY()-E71)/365.25 -> 28.049281 | G71: 52013 | H71: E | I71: EMEA | J71: Paris | L71: 75116 | M71: France | N71: emma.srinivasan@mercer.com
A72: 71 | B72: Tam,Emmanuel | C72: Kelly,Daniel | D72: Mercer | E72: 35891 | F72: =(TODAY()-E72)/365.25 -> 27.832991 | G72: CTI316 | H72: E | I72: Asia Pacific | L72: 18960 | M72: Singapore | N72: emmanuel.tam@mercer.com
A73: 72 | B73: Teh,Eric | C73: Reeves,Dustin | D73: Marsh | E73: 35880 | F73: =(TODAY()-E73)/365.25 -> 27.863107 | G73: 52687 | H73: E | I73: EMEA | J73: Dubai | L73: 64057&1019 | M73: United Arab Emirates | N73: eric.teh@marsh.com
A74: 73 | B74: Trampler,Eugene | C74: Kelly,Daniel | D74: Marsh | E74: 36846 | F74: =(TODAY()-E74)/365.25 -> 25.218344 | G74: CTI335 | H74: E | I74: Americas | J74: Monterrey | L74: 66267 | M74: Mexico | N74: eugene.trampler@marsh.com
A75: 74 | B75: Warrington,Fabio | C75: Avis,Harry G | D75: Marsh | E75: 36832 | F75: =(TODAY()-E75)/365.25 -> 25.256674 | G75: IRL140 | H75: E | I75: EMEA | J75: Witham | L75: CM8 2UP | M75: United Kingdom | N75: fabio.warrington@marsh.com
A76: 75 | B76: Wasik,Fayth Ema | C76: Khator,Daniel M | D76: Guy Carpenter | E76: 34844 | F76: =(TODAY()-E76)/365.25 -> 30.699521 | G76: 50121 | H76: E | I76: EMEA | J76: Croydon | K76: SURREY | L76: CR0 2AQ | M76: United Kingdom | N76: fayth.ema.wasik@guycarp.com
A77: 76 | B77: Witcher,Fernando | C77: Avis,Harry G | D77: Corporate | E77: 36828 | F77: =(TODAY()-E77)/365.25 -> 25.267625 | G77: D08709 | H77: E | I77: Asia Pacific | J77: Brisbane | K77: QLD | L77: 4000 | M77: Australia | N77: fernando.witcher@mmc.com
A78: 77 | B78: Woods-Smith,Florian | C78: Khator,Daniel M | D78: Mercer | E78: 36776 | F78: =(TODAY()-E78)/365.25 -> 25.409993 | G78: K70795 | H78: E | I78: EMEA | J78: Dubai | M78: United Arab Emirates | N78: florian.woods-smith@mercer.com
A79: 78 | B79: Afzal,Frederic | C79: Hagler,Ka Man | D79: Marsh | E79: 35852 | F79: =(TODAY()-E79)/365.25 -> 27.939767 | G79: D08808 | H79: E | I79: EMEA | J79: Espoo | L79: 2170 | M79: Finland | N79: frederic.afzal@marsh.com
A80: 79 | B80: Al-Jalili,Gary George | C80: Hagler,Ka Man | D80: Marsh | E80: 34857 | F80: =(TODAY()-E80)/365.25 -> 30.663929 | G80: 21950 | H80: N | I80: EMEA | J80: Johannesburg | L80: 2196 | M80: South Africa | N80: gary.george.al-jalili@marsh.com
A81: 80 | B81: Alvarez Pless,George | C81: Khator,Daniel M | D81: Corporate | E81: 33768 | F81: =(TODAY()-E81)/365.25 -> 33.645448 | G81: MX0144 | H81: E | I81: Asia Pacific | J81: Jakarta | L81: 10270 | M81: Indonesia | N81: george.alvarez.pless@mmc.com
A82: 81 | B82: Amezquita Coy,Gian E | C82: Sharma,Elizabeth B | D82: Marsh | E82: 35817 | F82: =(TODAY()-E82)/365.25 -> 28.035592 | G82: CO0195 | H82: E | I82: EMEA | J82: Warsaw | L82: PL00807 | M82: Poland | N82: gian.e.amezquita.coy@marsh.com
A83: 82 | B83: Amiss,Giane | C83: Sharma,Elizabeth B | D83: Marsh | E83: 35867 | F83: =(TODAY()-E83)/365.25 -> 27.8987 | G83: D08808 | H83: E | I83: Asia Pacific | J83: Shanghai | L83: 200001 | M83: China | N83: giane.amiss@marsh.com
A84: 83 | B84: Araujo,Giles Stanley | C84: Sharma,Elizabeth B | D84: Mercer | E84: 35342 | F84: =(TODAY()-E84)/365.25 -> 29.336071 | G84: BR0022 | H84: E | I84: EMEA | J84: Bangalore | M84: India | N84: giles.stanley.araujo@mercer.com
A85: 84 | B85: Arima,Gowhar | C85: Smith,Ellen | D85: Mercer | E85: 35847 | F85: =(TODAY()-E85)/365.25 -> 27.953457 | G85: CTI323 | H85: E | I85: Asia Pacific | J85: Kuala Lumpur | L85: 59000 | M85: Malaysia | N85: gowhar.arima@mercer.com
A86: 85 | B86: Atweri,Hareesh | C86: Sharma,Elizabeth B | D86: Marsh | E86: 36746 | F86: =(TODAY()-E86)/365.25 -> 25.492129 | G86: D08708 | H86: E | I86: EMEA | J86: Madrid | L86: 28046 | M86: Spain | N86: hareesh.atweri@marsh.com
A87: 86 | B87: Audley,Haroutioun | C87: Jones,Cynthia | D87: Guy Carpenter | E87: 35876 | F87: =(TODAY()-E87)/365.25 -> 27.874059 | G87: D08808 | H87: E | I87: Americas | J87: San Francisco | K87: CA | L87: 94111 | M87: United States | N87: haroutioun.audley@guycarp.com
A88: 87 | B88: Avis,Harry G | C88: Jones,Cynthia | D88: Mercer | E88: 35354 | F88: =(TODAY()-E88)/365.25 -> 29.303217 | G88: D08805 | H88: E | I88: Americas | J88: Caracas | K88: DF | L88: 1060 | M88: Venezuela | N88: harry.g.avis@mercer.com
A89: 88 | B89: Pond,Bree | C89: Hagler,Ka Man | D89: Marsh | E89: 36825 | F89: =(TODAY()-E89)/365.25 -> 25.275838 | H89: E | I89: EMEA | J89: Sofia | L89: BL113 | M89: Bulgaria | N89: bree.pond@marsh.com
A90: 89 | B90: Bailey,Herbert | C90: Jones,Cynthia | D90: Marsh | E90: 36768 | F90: =(TODAY()-E90)/365.25 -> 25.431896 | G90: CTI323 | H90: E | I90: Americas | J90: Toronto | K90: ON | L90: M5J 2M4 | M90: Canada | N90: herbert.bailey@marsh.com
A91: 90 | B91: Bakali,Howard K | C91: Jones,Cynthia | D91: Mercer | E91: 32886 | F91: =(TODAY()-E91)/365.25 -> 36.060233 | G91: D08805 | H91: E | I91: EMEA | J91: Espoo | L91: 2170 | M91: Finland | N91: howard.k.bakali@mercer.com
A92: 91 | B92: Barnett,Miguel | C92: Jones,Cynthia | D92: Mercer | E92: 35768 | F92: =(TODAY()-E92)/365.25 -> 28.169747 | G92: D08808 | H92: E | I92: Americas | J92: New York | K92: NY | L92: 10036-2708 | M92: United States | N92: miguel.barnett@mercer.com
A93: 92 | B93: Becket,Ibrahime | C93: Hagler,Ka Man | D93: Guy Carpenter | E93: 33774 | F93: =(TODAY()-E93)/365.25 -> 33.629021 | G93: 51488 | H93: E | I93: EMEA | J93: Bangalore | L93: 560008 | M93: India | N93: ibrahime.becket@guycarp.com
A94: 93 | B94: Beesley,Imran Abdul Hamid | D94: Oliver Wyman Group | E94: 34842 | F94: =(TODAY()-E94)/365.25 -> 30.704997 | G94: D08805 | H94: E | I94: Asia Pacific | J94: Taipei | L94: 104 | M94: Taiwan | N94: imran.abdul.hamid.beesley@oliverwyman.com
A95: 94 | B95: Bradbury,Irene E. | C95: Kelly,Daniel | D95: Marsh | E95: 33769 | F95: =(TODAY()-E95)/365.25 -> 33.64271 | G95: D08808 | H95: E | I95: Americas | J95: Mexico City | L95: 11700 | M95: Mexico | N95: irene.e.bradbury@marsh.com
A96: 95 | B96: Brook,Irshad | C96: Kelly,Daniel | D96: Marsh | E96: 33297 | F96: =(TODAY()-E96)/365.25 -> 34.934976 | G96: D08805 | H96: E | I96: Americas | J96: Curitiba - Parana | L96: 80410-180 | M96: Brazil | N96: irshad.brook@marsh.com
A97: 96 | B97: Brown,Israel | C97: Kelly,Daniel | D97: Marsh | E97: 35778 | F97: =(TODAY()-E97)/365.25 -> 28.142368 | G97: D08805 | H97: E | I97: Americas | J97: Toronto | K97: ON | L97: M5J 2M4 | M97: Canada | N97: israel.brown@marsh.com
A98: 97 | B98: Quincy,Adam | D98: Marsh | E98: 34071 | F98: =(TODAY()-E98)/365.25 -> 32.81588 | G98: CTI316 | H98: E | I98: Asia Pacific | J98: Tokyo | L98: 163-1438 | M98: Japan | N98: adam.quincy@marsh.com
A99: 98 | B99: Busek,Ivan-Ernesto | C99: Fitzgerald,Jerry B | D99: Guy Carpenter | E99: 34828 | F99: =(TODAY()-E99)/365.25 -> 30.743326 | G99: CTI323 | H99: E | I99: Asia Pacific | J99: Dalian | L99: 116001 | M99: China | N99: ivan-ernesto.busek@guycarp.com
A100: 99 | B100: Camargo,J Paul | C100: Kelly,Daniel | D100: Mercer | E100: 36401 | F100: =(TODAY()-E100)/365.25 -> 26.436687 | G100: CTI323 | H100: E | I100: Americas | J100: Hamilton | L100: HM12 | M100: Bermuda | N100: j.paul.camargo@mercer.com
...

Sheet Cond Formating exercise
B1: Data Bars | C1: Color Scales | D1: Icon Sets | E1: Below Average | F1: Color Highlight | G1: Color Highlight
A2: Name | B2: Achievement | C2: Achievement | D2: Achievement | E2: Achievement | F2: Rank | G2: Status | M2: Project | N2: Status
A3: Amarjeet Singh | B3: 82 | C3: =$B3 -> 82 | D3: =$B3 -> 82 | E3: =$B3 -> 82 | F3: =RANK(B3,$B$3:$B$17) -> 5 | G3: =IF(B3>=80,"A",IF(B3>=50,"B","C")) -> A | I3: RANK | M3: Project 1 | N3: Completed
A4: Sachin Kumar Sharma | B4: 56 | C4: =$B4 -> 56 | D4: =$B4 -> 56 | E4: =$B4 -> 56 | F4: =RANK(B4,$B$3:$B$17) -> 10 | G4: =IF(B4>=80,"A",IF(B4>=50,"B","C")) -> B | I4: >10 | J4: red | M4: Project 2 | N4: Not Started
A5: Mohit Malik | B5: 10 | C5: =$B5 -> 10 | D5: =$B5 -> 10 | E5: =$B5 -> 10 | F5: =RANK(B5,$B$3:$B$17) -> 15 | G5: =IF(B5>=80,"A",IF(B5>=50,"B","C")) -> C | I5: 5-10 | J5: yellow | M5: Project 3 | N5: Completed
A6: Deepak Sharma | B6: 94 | C6: =$B6 -> 94 | D6: =$B6 -> 94 | E6: =$B6 -> 94 | F6: =RANK(B6,$B$3:$B$17) -> 4 | G6: =IF(B6>=80,"A",IF(B6>=50,"B","C")) -> A | I6: <5 | J6: green | M6: Project 4 | N6: Inprogress
A7: Kratika Bhatnagar | B7: 100 | C7: =$B7 -> 100 | D7: =$B7 -> 100 | E7: =$B7 -> 100 | F7: =RANK(B7,$B$3:$B$17) -> 1 | G7: =IF(B7>=80,"A",IF(B7>=50,"B","C")) -> A | M7: Project 5 | N7: Inprogress
A8: Gaurav Khanna | B8: 12 | C8: =$B8 -> 12 | D8: =$B8 -> 12 | E8: =$B8 -> 12 | F8: =RANK(B8,$B$3:$B$17) -> 14 | G8: =IF(B8>=80,"A",IF(B8>=50,"B","C")) -> C | J8: Achievement | M8: Project 6 | N8: Not Started
A9: Asif Khan | B9: 49 | C9: =$B9 -> 49 | D9: =$B9 -> 49 | E9: =$B9 -> 49 | F9: =RANK(B9,$B$3:$B$17) -> 12 | G9: =IF(B9>=80,"A",IF(B9>=50,"B","C")) -> C | I9: 100 | J9: >=80 | M9: Project 7 | N9: Inprogress
A10: Ajaj Kumar Rana | B10: 98 | C10: =$B10 -> 98 | D10: =$B10 -> 98 | E10: =$B10 -> 98 | F10: =RANK(B10,$B$3:$B$17) -> 2 | G10: =IF(B10>=80,"A",IF(B10>=50,"B","C")) -> A | I10: 70 | J10: <80 and >=60 | M10: Project 8 | N10: Not Started
A11: Aakash Bhutani | B11: 14 | C11: =$B11 -> 14 | D11: =$B11 -> 14 | E11: =$B11 -> 14 | F11: =RANK(B11,$B$3:$B$17) -> 13 | G11: =IF(B11>=80,"A",IF(B11>=50,"B","C")) -> C | I11: 10 | J11: <60 | M11: Project 9
A12: Praveen Sharma | B12: 98 | C12: =$B12 -> 98 | D12: =$B12 -> 98 | E12: =$B12 -> 98 | F12: =RANK(B12,$B$3:$B$17) -> 2 | G12: =IF(B12>=80,"A",IF(B12>=50,"B","C")) -> A | M12: Project 10
A13: Ravi Ranjan | B13: 55 | C13: =$B13 -> 55 | D13: =$B13 -> 55 | E13: =$B13 -> 55 | F13: =RANK(B13,$B$3:$B$17) -> 11 | G13: =IF(B13>=80,"A",IF(B13>=50,"B","C")) -> B | J13: Status | M13: Project 11
A14: Vivek Pant | B14: 78 | C14: =$B14 -> 78 | D14: =$B14 -> 78 | E14: =$B14 -> 78 | F14: =RANK(B14,$B$3:$B$17) -> 6 | G14: =IF(B14>=80,"A",IF(B14>=50,"B","C")) -> B | J14: A
A15: Pallavi Srivastava | B15: 57 | C15: =$B15 -> 57 | D15: =$B15 -> 57 | E15: =$B15 -> 57 | F15: =RANK(B15,$B$3:$B$17) -> 8 | G15: =IF(B15>=80,"A",IF(B15>=50,"B","C")) -> B | J15: B
A16: Anoop Kumar Singh | B16: 69 | C16: =$B16 -> 69 | D16: =$B16 -> 69 | E16: =$B16 -> 69 | F16: =RANK(B16,$B$3:$B$17) -> 7 | G16: =IF(B16>=80,"A",IF(B16>=50,"B","C")) -> B | J16: C
A17: Shivam Kumar Gupta | B17: 57 | C17: =$B17 -> 57 | D17: =$B17 -> 57 | E17: =$B17 -> 57 | F17: =RANK(B17,$B$3:$B$17) -> 8 | G17: =IF(B17>=80,"A",IF(B17>=50,"B","C")) -> B

Sheet Sales Descriptive Analytic
A1: Date | B1: Region | C1: Sales Rep | D1: Customer | E1: Product | F1: COGS | G1: Sales
A2: 38447 | B2: NorthEast | C2: Chin | D2: Nature Company | E2: HLL Item | F2: 4007.9864 | G2: 4554.53
A3: 38646 | B3: North | C3: Chin | D3: Yahoo | E3: WKL Item | F3: 8597.4559 | G3: 9195.14 | O3: Descriptive Analytics – What happened?
A4: 38377 | B4: MidWest | C4: Chin | D4: Sherman Williams | E4: BPZ Item | F4: 3148.5256 | G4: 3577.87
A5: 38463 | B5: MidWest | C5: Chin | D5: Nature Company | E5: CSJ Item | F5: 731.8193 | G5: 1977.89 | O5: Purpose:
A6: 38412 | B6: NorthEast | C6: Chin | D6: Home Depot | E6: AUW Item | F6: 2741.958 | G6: 6093.24 | O6: Summarize historical data
A7: 38426 | B7: NorthEast | C7: Chin | D7: Amazon.com | E7: KEI Item | F7: 3491.8709 | G7: 8120.63
A8: 38401 | B8: MidWest | C8: Chin | D8: Whole Foods | E8: FKD Item | F8: 2924.2365 | G8: 6800.55
A9: 38155 | B9: MidWest | C9: Chin | D9: ExcelIsVeryFun.com | E9: MWN Item | F9: 6305.0008 | G9: 9272.06
A10: 38326 | B10: West | C10: Chin | D10: Yahoo | E10: HAI Item | F10: 2640.132 | G10: 4800.24
A11: 38472 | B11: North | C11: Chin | D11: Google | E11: WPF Item | F11: 2401.7329 | G11: 6491.17
A12: 38676 | B12: North | C12: Chin | D12: Home Depot | E12: FEK Item | F12: 1531.2128 | G12: 3560.96
A13: 38632 | B13: North | C13: Chin | D13: Sherman Williams | E13: XNB Item | F13: 3464.637 | G13: 6299.34
A14: 38428 | B14: NorthEast | C14: Chin | D14: Costco | E14: YWP Item | F14: 558.2475 | G14: 1298.25
A15: 38611 | B15: West | C15: Chin | D15: Amazon.com | E15: LOP Item | F15: 266.3024 | G15: 451.36
A16: 38816 | B16: SouthEast | C16: Chin | D16: Peet's Coffee | E16: UXD Item | F16: 2647.4332 | G16: 4564.54
A17: 38763 | B17: NorthEast | C17: Chin | D17: Costco | E17: TGL Item | F17: 58.7597 | G17: 158.81
A18: 38178 | B18: North | C18: Chin | D18: Yahoo | E18: RCA Item | F18: 1904.6734 | G18: 3228.26
... A301: 38612 | B301: NorthEast | C301: Troung | D301: Office Depot | E301: TUL Item | F301: 2918.628 | G301: 6485.84

Sheet Diagnostics Analytics 
X2: Diagnostic Analytics – Why did it happen?
C3: Year | D3: New Customers | E3: Revinue
C4: 2010 | D4: 100 | E4: 30000 | X4: You go one step deeper to find reasons and patterns.
C5: 2011 | D5: 120 | E5: 35000
C6: 2012 | D6: 130 | E6: 30000 | X6: Excel tools used:
C7: 2013 | D7: 134 | E7: 40000
C8: 2014 | D8: 120 | E8: 71118 | X8: Pivot Tables with slicers
C9: 2015 | D9: 160 | E9: 65000 | X9: COUNTIF, SUMIF, AVERAGEIF
C10: 2016 | D10: 170 | E10: 72896 | X10: Conditional Formatting
C11: 2017 | D11: 130 | E11: 80000 | X11: Filters & Subtotals
C12: 2018 | D12: 120 | E12: 28000
C13: 2019 | D13: 100 | E13: 26000 | X13: Example:
C14: 2020 | D14: 90 | E14: 20000
C15: 2021 | D15: 100 | E15: 20103 | X15: Why sales dropped in one region
C16: 2022 | D16: 100 | E16: 18000
X17: Which vendor caused cost overruns
X19: Which month has the highest cancellations

Sheet Predictive analytics Forcast
A1: Year | B1: Sales
A2: 2010 | B2: 12000 | F2: •What is likely to happen (Future) | S2: Year | T2: Desktop | U2: Laptop | V2: Tablet | AI2: Predictive Analytics – What is likely to happen?
A3: 2011 | B3: 31682 | S3: 2010 | T3: 100000 | U3: 30000 | V3: 13000
A4: 2012 | B4: 34000 | S4: 2011 | T4: 80000 | U4: 35000 | V4: 15000 | AI4: Excel can do basic forecasting, even without advanced tools.
A5: 2013 | B5: 49812 | S5: 2012 | T5: 70000 | U5: 30000 | V5: 18000
A6: 2014 | B6: 20357 | S6: 2013 | T6: 50000 | U6: 40000 | V6: 35000 | AI6: Excel tools used:
A7: 2015 | B7: 42189 | S7: 2014 | T7: 40000 | U7: 71118 | V7: 45000
A8: 2016 | B8: 27545 | S8: 2015 | T8: 35000 | U8: 65000 | V8: 40000 | AI8: TREND / FORECAST functions
A9: 2017 | B9: 23127 | S9: 2016 | T9: 30000 | U9: 72896 | V9: 70000 | AI9: Forecast Sheet
A10: 2018 | B10: 46217 | S10: 2017 | T10: 28000 | U10: 65000 | V10: 80000 | AI10: Line charts
A11: 2019 | B11: 45000 | S11: 2018 | T11: 26000 | U11: 64705 | V11: 78000 | AI11: Example:
A12: 2020 | B12: 50000 | S12: 2019 | T12: 20000 | U12: 71704 | V12: 90000
A13: 2021 | B13: 55000 | S13: 2020 | T13: 20103 | U13: 66000 | V13: 120000 | AI13: Predict next quarter sales
A14: 2022 | B14: 60000 | S14: 2021 | T14: 18000 | U14: 70000 | V14: 130000 | AI14: Forecast apartment bookings
A15: 2023 | B15: 65000 | S15: 2022 | T15: 10000 | U15: 80000 | V15: 120000 | AI15: Estimate future expenses
A16: 2024 | B16: 70000
A17: 2025 | B17: 75000
A18: 2026
A19: 2027
A20: 2028
A21: 2029
A22: 2030

Sheet Employee Performance
A1: Emp Code | B1: Employee Name | C1: Department | D1: Region | E1: Basic | F1: Hire Date | G1: Performance Point | J1: Products | K1: Dispatch Date | L1: Qty
A2: S109 | B2: Michael Jones | C2: HR | D2: North | E2: 14000 | F2: 36321 | G2: 99 | J2: Product 1 | K2: 44967 | L2: 12
A3: S064 | B3: Roger Jones | C3: HR | D3: North | E3: 12000 | F3: 37865 | G3: 49 | J3: Product 2 | K3: 44968 | L3: 23
A4: S049 | B4: Jim Motts | C4: HR | D4: North | E4: 11000 | F4: 37408 | G4: 92 | J4: Product 3 | K4: 44969 | L4: 34
A5: S164 | B5: Luke Morris | C5: HR | D5: North | E5: 11000 | F5: 38397 | G5: 66 | J5: Product 4 | K5: 44968 | L5: 45
A6: S129 | B6: Rebecca Van Hof | C6: HR | D6: North | E6: 10000 | F6: 37907 | G6: 45 | J6: Product 5 | K6: 44972 | L6: 56
A7: S149 | B7: Mary Johnson | C7: HR | D7: North | E7: 10000 | F7: 38187 | G7: 97 | J7: Product 6 | K7: 44973 | L7: 67
A8: S029 | B8: Eleonora Morrell | C8: HR | D8: North | E8: 9900 | F8: 36800 | G8: 68 | J8: Product 7 | K8: 44975 | L8: 78
A9: S173 | B9: Jim Motts | C9: Admin | D9: North | E9: 9000 | F9: 38523 | G9: 94 | J9: Product 8 | K9: 44978 | L9: 89
A10: S153 | B10: Nancy Lee | C10: Admin | D10: North | E10: 4000 | F10: 38243 | G10: 57 | J10: Product 9 | K10: 44978 | L10: 100
A11: S073 | B11: Michael Morgan | C11: Admin | D11: North | E11: 9000 | F11: 38139 | G11: 89 | J11: Product 10 | K11: 44979 | L11: 111
A12: S053 | B12: Spencer Morgan | C12: Admin | D12: North | E12: 12500 | F12: 37530 | G12: 81 | J12: Product 11 | K12: 44979 | L12: 122
A13: S018 | B13: Adam Long | C13: Admin | D13: North | E13: 9900 | F13: 37045 | G13: 43 | J13: Product 12 | K13: 44980 | L13: 133
... A19: S177 | B19: Thomas lee | C19: Accts | D19: North | E19: 8500 | F19: 35512 | G19: 73 | J19: Product 18 | K19: 44986 | L19: 199
A20: S157 | B20: Jacob long | C20: Accts | D20: North | E20: 8000 | F20: 38299 | G20: 77
A21: S097 | B21: Shannon ryan | C21: Accts | D21: North | E21: 7600 | F21: 35956 | G21: 76
A22: S117 | B22: Jesse carter | C22: Accts | D22: North | E22: 6700 | F22: 37739 | G22: 63
A23: S016 | B23: Naveen mishra | C23: Accts | D23: North | E23: 6000 | F23: 37191 | G23: 80
A24: S197 | B24: Maureen marks | C24: Mktg | D24: North | E24: 9900 | F24: 36122 | G24: 92
A25: S181 | B25: James Roberts | C25: Mktg | D25: North | E25: 11500 | F25: 35634 | G25: 72
A26: S041 | B26: Jessica Roberts | C26: Mktg | D26: North | E26: 10000 | F26: 37165 | G26: 61
A27: S061 | B27: Shannon Kelly | C27: Mktg | D27: North | E27: 10000 | F27: 37773 | G27: 45
A28: S121 | B28: James Anderson | C28: Mktg | D28: North | E28: 10000 | F28: 37795 | G28: 68
A29: S161 | B29: Tina Bennet | C29: Mktg | D29: North | E29: 10000 | F29: 38355 | G29: 81
A30: S081 | B30: Jesse Light | C30: Mktg | D30: North | E30: 8000 | F30: 38384 | G30: 84
A31: S101 | B31: Annie Thomas | C31: Mktg | D31: North | E31: 4000 | F31: 36078 | G31: 62
... A169: S090 | B169: Minnie Jones | C169: Sales | D169: East | E169: 4000 | F169: 38657 | G169: 66

Sheet Waterfall_Data
A1: Category | B1: Amount (INR Lakhs)
A2: Opening Budget | B2: 500
A3: Land Acquisition Cost | B3: -150
A4: Design & Architecture Cost | B4: -40
A5: Approval & Legal Fees | B5: -20
A6: Material Cost | B6: -180
A7: Labor Cost | B7: -90
A8: Machinery & Equipment | B8: -30
A9: Unexpected Site Expenses | B9: -25
A10: Cost Savings (Bulk Purchase) | B10: 20
A11: Final Project Cost | B11: 0

Sheet Budget_vs_Actual
A1: Month | B1: Budget Cost (INR Lakhs) | C1: Actual Cost (INR Lakhs)
A2: Jan | B2: 40 | C2: 42
A3: Feb | B3: 45 | C3: 48
A4: Mar | B4: 50 | C4: 55
A5: Apr | B5: 60 | C5: 58
A6: May | B6: 70 | C6: 75
A7: Jun | B7: 80 | C7: 85
A8: Jul | B8: 90 | C8: 92
A9: Aug | B9: 100 | C9: 115
A10: Sep | B10: 95 | C10: 98
A11: Oct | B11: 85 | C11: 82
A12: Nov | B12: 70 | C12: 72
A13: Dec | B13: 65 | C13: 68

Sheet Fedback Point data
A1: Ecode | B1: First Name | C1: Last Name | D1: Feedback Point
A2: 1 | B2: Raja | C2: Ray | D2: 10
A3: 2 | B3: Kuldeep | C3: Sharma | D3: 6
A4: 3 | B4: Suman | C4: Shinde | D4: 7
A5: 4 | B5: Beena | C5: Mavadia | D5: 7
A6: 5 | B6: Seema | C6: Ranganathan | D6: 7
A7: 6 | B7: Deepak | C7: Jain | D7: 10
A8: 7 | B8: Julie | C8: D'Souza | D8: 5
A9: 8 | B9: Neena | C9: Mukherjee | D9: 6
A10: 9 | B10: Pankaj | C10: Sutradhar | D10: 7
A11: 10 | B11: Andre | C11: Fernendes | D11: 8
A12: 11 | B12: Sujay | C12: Madhrani | D12: 7
A13: 12 | B13: Shilpa | C13: Lele | D13: 5
... A101: 100 | B101: Rupesh | C101: Sawant | D101: 8

Sheet State Wise data
A1: State | B1: Population | C1: Rural population | D1: Urban population | E1: Sex ratio | L1: State | M1: Rural population | N1: Urban population
A2: Uttar Pradesh | B2: 199812341 | C2: 155317278 | D2: 44495063 | E2: 912 | L2: Uttar Pradesh | M2: 155317278 | N2: 44495063
A3: Maharashtra | B3: 112374333 | C3: 61556074 | D3: 50818259 | E3: 929 | L3: Maharashtra | M3: 61556074 | N3: 50818259
A4: Bihar | B4: 104099452 | C4: 92341436 | D4: 11758016 | E4: 918 | L4: Bihar | M4: 92341436 | N4: 11758016
A5: West Bengal | B5: 91276115 | C5: 62183113 | D5: 29093002 | E5: 953 | L5: West Bengal | M5: 62183113 | N5: 29093002
A6: Madhya Pradesh | B6: 72626809 | C6: 52557404 | D6: 20069405 | E6: 931 | L6: Madhya Pradesh | M6: 52557404 | N6: 20069405
A7: Tamil Nadu | B7: 72147030 | C7: 37229590 | D7: 34917440 | E7: 996 | L7: Tamil Nadu | M7: 37229590 | N7: 34917440
A8: Rajasthan | B8: 68548437 | C8: 51500352 | D8: 17048085 | E8: 928 | L8: Rajasthan | M8: 51500352 | N8: 17048085
A9: Karnataka | B9: 61095297 | C9: 30069335 | D9: 31025962 | E9: 979 | L9: Karnataka | M9: 30069335 | N9: 31025962
A10: Gujarat | B10: 60439692 | C10: 34694609 | D10: 25745083 | E10: 919 | L10: Gujarat | M10: 34694609 | N10: 25745083
A11: Andhra Pradesh | B11: 49577103 | C11: 34966693 | D11: 14610410 | E11: 993 | L11: Andhra Pradesh | M11: 34966693 | N11: 14610410
A12: Odisha | B12: 41974219 | C12: 34970562 | D12: 7003656 | E12: 979 | L12: Odisha | M12: 34970562 | N12: 7003656
A13: Telangana | B13: 35003674 | C13: 21395009 | D13: 13608665 | E13: 988 | L13: Telangana | M13: 21395009 | N13: 13608665
... A37: Lakshadweep | B37: 64473 | C37: 14141 | D37: 50332 | E37: 946 | L37: Lakshadweep | M37: 14141 | N37: 50332

Sheet Geographic_Heat_Map
A1: Geographic Heat Map (India)
A2: Enter your data below. The spelling of state/UT names should be consistent with what you see below. However, you can enter the states/UTs in any order.
A3: State/UT Name | B3: Data
A4: Uttar Pradesh | B4: 199812341
A5: Maharashtra | B5: 112374333
A6: Bihar | B6: 104099452
A7: West Bengal | B7: 91276115
A8: Madhya Pradesh | B8: 72626809
A9: Tamil Nadu | B9: 72147030
A10: Rajasthan | B10: 68548437
A11: Karnataka | B11: 61095297
A12: Gujarat | B12: 60439692
A13: Andhra Pradesh | B13: 49577103
A14: Odisha | B14: 41974219
A15: Telangana | B15: 35003674
... A39: Lakshadweep | B39: 64473
A41: Lowest (Red) to Highest (Green)

Sheet WorldMap
A1: Country | B1: Region | C1: Oil Production in thousands of barrels per day
A2: Nigeria | B2: Africa | C2: 2053
A3: Angola | B3: Africa | C3: 1807
A4: Algeria | B4: Africa | C4: 1579
A5: Egypt | B5: Africa | C5: 691
A6: Libya | B6: Africa | C6: 426
A7: Congo Republic | B7: Africa | C7: 238
A8: Gabon | B8: Africa | C8: 227
A9: South Sudan | B9: Africa | C9: 118
A10: Chad | B10: Africa | C10: 73
A11: Tunisia | B11: Africa | C11: 63
A12: Iran | B12: Asia & Pacific | C12: 4600
A13: China | B13: Asia & Pacific | C13: 3999
... A48: Trinidad & Tobago | B48: South and Central America | C48: 96

Sheet Data
BM13: =JK -> 15000
BL14: =JK -> 15000 | BM14: =JK -> 15000 | BN14: =JK -> 15000 | BO14: =JK -> 15000 | BP14: =JK -> 15000 | BQ14: =JK -> 15000
BI15: =JK -> 15000 | BJ15: =JK -> 15000 | BK15: =JK -> 15000 | BL15: =JK -> 15000 | BM15: =JK -> 15000 | BN15: =JK -> 15000 | BO15: =JK -> 15000 | BP15: =JK -> 15000 | BQ15: =JK -> 15000
BD16: =JK -> 15000 | BE16: =JK -> 15000 | BF16: =JK -> 15000 | BG16: =JK -> 15000 | BH16: =JK -> 15000 | BI16: =JK -> 15000 | BJ16: =JK -> 15000 | BK16: =JK -> 15000 | ... BR16: =JK -> 15000
BD17: =JK -> 15000 | BE17: =JK -> 15000 | BF17: =JK -> 15000 | BG17: =JK -> 15000 | BH17: =JK -> 15000 | BI17: =JK -> 15000 | BJ17: =JK -> 15000 | BK17: =JK -> 15000 | ... BR17: =JK -> 15000
BD18: =JK -> 15000 | BE18: =JK -> 15000 | BF18: =JK -> 15000 | BG18: =JK -> 15000 | BH18: =JK -> 15000 | BI18: =JK -> 15000 | BJ18: =JK -> 15000 | BK18: =JK -> 15000 | ... BS18: =JK -> 15000
BC19: =JK -> 15000 | BD19: =JK -> 15000 | BE19: =JK -> 15000 | BF19: =JK -> 15000 | BG19: =JK -> 15000 | BH19: =JK -> 15000 | BI19: =JK -> 15000 | BJ19: =JK -> 15000 | ... BT19: =JK -> 15000
BB20: =JK -> 15000 | BC20: =JK -> 15000 | BD20: =JK -> 15000 | BE20: =JK -> 15000 | BF20: =JK -> 15000 | BG20: =JK -> 15000 | BH20: =JK -> 15000 | BI20: =JK -> 15000 | ... BU20: =JK -> 15000
AZ21: =JK -> 15000 | BA21: =JK -> 15000 | BB21: =JK -> 15000 | BC21: =JK -> 15000 | BD21: =JK -> 15000 | BE21: =JK -> 15000 | BF21: =JK -> 15000 | BG21: =JK -> 15000 | ... BV21: =JK -> 15000
AZ22: =JK -> 15000 | BA22: =JK -> 15000 | BB22: =JK -> 15000 | BC22: =JK -> 15000 | BD22: =JK -> 15000 | BE22: =JK -> 15000 | BF22: =JK -> 15000 | BG22: =JK -> 15000 | ... BW22: =JK -> 15000
AZ23: =JK -> 15000 | BA23: =JK -> 15000 | BB23: =JK -> 15000 | BC23: =JK -> 15000 | BD23: =JK -> 15000 | BE23: =JK -> 15000 | BF23: =JK -> 15000 | BG23: =JK -> 15000 | ... BX23: =JK -> 15000
AZ24: =JK -> 15000 | BA24: =JK -> 15000 | BB24: =JK -> 15000 | BC24: =JK -> 15000 | BD24: =JK -> 15000 | BE24: =JK -> 15000 | BF24: =JK -> 15000 | BG24: =JK -> 15000 | ... BY24: =JK -> 15000
AZ25: =JK -> 15000 | BA25: =JK -> 15000 | BB25: =JK -> 15000 | BC25: =JK -> 15000 | BD25: =JK -> 15000 | BE25: =JK -> 15000 | BF25: =JK -> 15000 | BG25: =JK -> 15000 | ... BY25: =JK -> 15000 | CO25: =JK -> 15000
BD26: =JK -> 15000 | BE26: =JK -> 15000 | BF26: =JK -> 15000 | BG26: =JK -> 15000 | BH26: =JK -> 15000 | BI26: =JK -> 15000 | BJ26: =JK -> 15000 | BK26: =JK -> 15000 | ... BY26: =JK -> 15000 | CO26: =JK -> 15000 | CP26: =JK -> 15000
BD27: =JK -> 15000 | BE27: =JK -> 15000 | BF27: =JK -> 15000 | BG27: =JK -> 15000 | BH27: =JK -> 15000 | BI27: =JK -> 15000 | BJ27: =JK -> 15000 | BK27: =JK -> 15000 | ... BZ27: =JK -> 15000 | CL27: =JK -> 15000 | CM27: =JK -> 15000 | CN27: =JK -> 15000 | CO27: =JK -> 15000 | CP27: =JK -> 15000 | CQ27: =JK -> 15000 | CR27: =JK -> 15000
BE28: =JK -> 15000 | BF28: =JK -> 15000 | BG28: =JK -> 15000 | BH28: =JK -> 15000 | BI28: =JK -> 15000 | BJ28: =JK -> 15000 | BK28: =JK -> 15000 | BL28: =JK -> 15000 | ... BZ28: =JK -> 15000 | CJ28: =JK -> 15000 | CK28: =JK -> 15000 | CL28: =JK -> 15000 | CM28: =JK -> 15000 | CN28: =JK -> 15000 | CO28: =JK -> 15000 | CP28: =JK -> 15000 | CQ28: =JK -> 15000 | ... CT28: =JK -> 15000
BF29: =JK -> 15000 | BG29: =JK -> 15000 | BH29: =JK -> 15000 | BI29: =JK -> 15000 | BJ29: =JK -> 15000 | BK29: =JK -> 15000 | BL29: =JK -> 15000 | BM29: =JK -> 15000 | ... CC29: =JK -> 15000 | CI29: =JK -> 15000 | CJ29: =JK -> 15000 | CK29: =JK -> 15000 | CL29: =JK -> 15000 | CM29: =JK -> 15000 | CN29: =JK -> 15000 | CO29: =JK -> 15000 | CP29: =JK -> 15000 | ... CU29: =JK -> 15000
BG30: =JK -> 15000 | BH30: =JK -> 15000 | BI30: =JK -> 15000 | BJ30: =JK -> 15000 | BK30: =JK -> 15000 | BL30: =JK -> 15000 | BM30: =JK -> 15000 | BN30: =JK -> 15000 | ... CC30: =JK -> 15000 | CH30: =JK -> 15000 | CI30: =JK -> 15000 | CJ30: =JK -> 15000 | CK30: =JK -> 15000 | CL30: =JK -> 15000 | CM30: =JK -> 15000 | CN30: =JK -> 15000 | CO30: =JK -> 15000 | ... CU30: =JK -> 15000
BG31: =JK -> 15000 | BH31: =JK -> 15000 | BI31: =JK -> 15000 | BJ31: =JK -> 15000 | BK31: =JK -> 15000 | BL31: =JK -> 15000 | BM31: =JK -> 15000 | BN31: =JK -> 15000 | ... CC31: =JK -> 15000 | CH31: =JK -> 15000 | CI31: =JK -> 15000 | CJ31: =JK -> 15000 | CK31: =JK -> 15000 | CL31: =JK -> 15000 | CM31: =JK -> 15000 | CN31: =JK -> 15000 | CO31: =JK -> 15000 | ... CU31: =JK -> 15000
BG32: =JK -> 15000 | BH32: =JK -> 15000 | BI32: =JK -> 15000 | BJ32: =JK -> 15000 | BK32: =JK -> 15000 | BL32: =JK -> 15000 | BM32: =JK -> 15000 | BN32: =JK -> 15000 | ... CU32: =JK -> 15000
BG33: =JK -> 15000 | BH33: =JK -> 15000 | BI33: =JK -> 15000 | BJ33: =JK -> 15000 | BK33: =JK -> 15000 | BL33: =JK -> 15000 | BM33: =JK -> 15000 | BN33: =JK -> 15000 | ... CU33: =JK -> 15000
BI34: =JK -> 15000 | BJ34: =JK -> 15000 | BK34: =JK -> 15000 | BL34: =JK -> 15000 | BM34: =JK -> 15000 | BN34: =JK -> 15000 | BO34: =JK -> 15000 | BP34: =JK -> 15000 | ... CU34: =JK -> 15000
BI35: =JK -> 15000 | BJ35: =JK -> 15000 | BK35: =JK -> 15000 | BL35: =JK -> 15000 | BM35: =JK -> 15000 | BN35: =JK -> 15000 | BO35: =JK -> 15000 | BP35: =JK -> 15000 | ... CU35: =JK -> 15000
BI36: =JK -> 15000 | BJ36: =JK -> 15000 | BK36: =JK -> 15000 | BL36: =JK -> 15000 | BM36: =JK -> 15000 | BN36: =JK -> 15000 | BO36: =JK -> 15000 | BP36: =JK -> 15000 | ... CU36: =JK -> 15000
BI37: =JK -> 15000 | BJ37: =JK -> 15000 | BK37: =JK -> 15000 | BL37: =JK -> 15000 | BM37: =JK -> 15000 | BN37: =JK -> 15000 | BO37: =JK -> 15000 | BP37: =JK -> 15000 | ... CU37: =JK -> 15000
BH38: =JK -> 15000 | BI38: =JK -> 15000 | BJ38: =JK -> 15000 | BK38: =JK -> 15000 | BL38: =JK -> 15000 | BM38: =JK -> 15000 | BN38: =JK -> 15000 | BO38: =JK -> 15000 | ... CT38: =JK -> 15000
BG39: =JK -> 15000 | BH39: =JK -> 15000 | BI39: =JK -> 15000 | BJ39: =JK -> 15000 | BK39: =JK -> 15000 | BL39: =JK -> 15000 | BM39: =JK -> 15000 | BN39: =JK -> 15000 | ... CT39: =JK -> 15000
BG40: =JK -> 15000 | BH40: =JK -> 15000 | BI40: =JK -> 15000 | BJ40: =JK -> 15000 | BK40: =JK -> 15000 | BL40: =JK -> 15000 | BM40: =JK -> 15000 | BN40: =JK -> 15000 | ... CS40: =JK -> 15000
BE41: =JK -> 15000 | BF41: =JK -> 15000 | BG41: =JK -> 15000 | BH41: =JK -> 15000 | BI41: =JK -> 15000 | BJ41: =JK -> 15000 | BK41: =JK -> 15000 | BL41: =JK -> 15000 | ... CR41: =JK -> 15000
BE42: =JK -> 15000 | BF42: =JK -> 15000 | BG42: =JK -> 15000 | BH42: =JK -> 15000 | BI42: =JK -> 15000 | BJ42: =JK -> 15000 | BK42: =JK -> 15000 | BL42: =JK -> 15000 | ... CQ42: =JK -> 15000
BE43: =JK -> 15000 | BF43: =JK -> 15000 | BG43: =JK -> 15000 | BH43: =JK -> 15000 | BI43: =JK -> 15000 | BJ43: =JK -> 15000 | BK43: =JK -> 15000 | BL43: =JK -> 15000 | ... CQ43: =JK -> 15000
BE44: =JK -> 15000 | BF44: =JK -> 15000 | BG44: =JK -> 15000 | BH44: =JK -> 15000 | BI44: =JK -> 15000 | BJ44: =JK -> 15000 | BK44: =JK -> 15000 | BL44: =JK -> 15000 | ... CQ44: =JK -> 15000
BE45: =JK -> 15000 | BF45: =JK -> 15000 | BG45: =JK -> 15000 | BH45: =JK -> 15000 | BI45: =JK -> 15000 | BJ45: =JK -> 15000 | BK45: =JK -> 15000 | BL45: =JK -> 15000 | ... CQ45: =JK -> 15000
BE46: =JK -> 15000 | BF46: =JK -> 15000 | BG46: =JK -> 15000 | BH46: =JK -> 15000 | BI46: =JK -> 15000 | BJ46: =JK -> 15000 | BK46: =JK -> 15000 | BL46: =JK -> 15000 | ... CP46: =JK -> 15000
BE47: =JK -> 15000 | BF47: =JK -> 15000 | BG47: =JK -> 15000 | BH47: =JK -> 15000 | BI47: =JK -> 15000 | BJ47: =JK -> 15000 | BK47: =JK -> 15000 | BL47: =JK -> 15000 | ... CP47: =JK -> 15000
BE48: =JK -> 15000 | BF48: =JK -> 15000 | BG48: =JK -> 15000 | BH48: =JK -> 15000 | BI48: =JK -> 15000 | BJ48: =JK -> 15000 | BK48: =JK -> 15000 | BL48: =JK -> 15000 | ... CM48: =JK -> 15000
BF49: =JK -> 15000 | BG49: =JK -> 15000 | BH49: =JK -> 15000 | BI49: =JK -> 15000 | BJ49: =JK -> 15000 | BK49: =JK -> 15000 | BL49: =JK -> 15000 | BM49: =JK -> 15000 | ... CM49: =JK -> 15000
BF50: =JK -> 15000 | BG50: =JK -> 15000 | BH50: =JK -> 15000 | BI50: =JK -> 15000 | BJ50: =JK -> 15000 | BK50: =JK -> 15000 | BL50: =JK -> 15000 | BM50: =JK -> 15000 | ... CN50: =JK -> 15000
BF51: =JK -> 15000 | BG51: =JK -> 15000 | BH51: =JK -> 15000 | BI51: =JK -> 15000 | BJ51: =JK -> 15000 | BK51: =JK -> 15000 | BL51: =JK -> 15000 | BM51: =JK -> 15000 | ... CN51: =JK -> 15000
BF52: =JK -> 15000 | BG52: =JK -> 15000 | BH52: =JK -> 15000 | BI52: =JK -> 15000 | BJ52: =JK -> 15000 | BK52: =JK -> 15000 | BL52: =JK -> 15000 | BM52: =JK -> 15000 | ... CN52: =JK -> 15000
BF53: =JK -> 15000 | BG53: =JK -> 15000 | BH53: =JK -> 15000 | BI53: =JK -> 15000 | BJ53: =JK -> 15000 | BK53: =JK -> 15000 | BL53: =JK -> 15000 | BM53: =JK -> 15000 | ... CM53: =JK -> 15000
BF54: =JK -> 15000 | BG54: =JK -> 15000 | BH54: =JK -> 15000 | BI54: =JK -> 15000 | BJ54: =JK -> 15000 | BK54: =JK -> 15000 | BL54: =JK -> 15000 | BM54: =JK -> 15000 | ... CM54: =JK -> 15000
BF55: =JK -> 15000 | BG55: =JK -> 15000 | BH55: =JK -> 15000 | BI55: =JK -> 15000 | BJ55: =JK -> 15000 | BK55: =JK -> 15000 | BL55: =JK -> 15000 | BM55: =JK -> 15000 | ... CM55: =JK -> 15000
BF56: =JK -> 15000 | BG56: =JK -> 15000 | BH56: =JK -> 15000 | BI56: =JK -> 15000 | BJ56: =JK -> 15000 | BK56: =JK -> 15000 | BL56: =JK -> 15000 | BM56: =JK -> 15000 | ... CO56: =JK -> 15000
BF57: =JK -> 15000 | BG57: =JK -> 15000 | BH57: =JK -> 15000 | BI57: =JK -> 15000 | BJ57: =JK -> 15000 | BK57: =JK -> 15000 | BL57: =JK -> 15000 | BM57: =JK -> 15000 | ... CP57: =JK -> 15000
BF58: =JK -> 15000 | BG58: =JK -> 15000 | BH58: =JK -> 15000 | BI58: =JK -> 15000 | BJ58: =JK -> 15000 | BK58: =JK -> 15000 | BL58: =JK -> 15000 | BM58: =JK -> 15000 | ... BW58: =JK -> 15000 | BX58: =HP -> 14000 | BY58: =HP -> 14000 | BZ58: =HP -> 14000 | CA58: =JK -> 15000 | CB58: =JK -> 15000 | CC58: =JK -> 15000 | CD58: =JK -> 15000 | CE58: =JK -> 15000 | CF58: =JK -> 15000 | CG58: =JK -> 15000 | CH58: =JK -> 15000 | ... CP58: =JK -> 15000
BH59: =JK -> 15000 | BI59: =JK -> 15000 | BJ59: =JK -> 15000 | BK59: =JK -> 15000 | BL59: =JK -> 15000 | BM59: =JK -> 15000 | BN59: =JK -> 15000 | BO59: =JK -> 15000 | ... BV59: =JK -> 15000 | BW59: =HP -> 14000 | BX59: =HP -> 14000 | BY59: =HP -> 14000 | BZ59: =HP -> 14000 | CA59: =JK -> 15000 | CB59: =JK -> 15000 | CC59: =JK -> 15000 | CD59: =JK -> 15000 | CE59: =JK -> 15000 | CF59: =JK -> 15000 | CG59: =JK -> 15000 | CH59: =JK -> 15000 | ... CP59: =JK -> 15000
BH60: =JK -> 15000 | BI60: =JK -> 15000 | BJ60: =JK -> 15000 | BK60: =JK -> 15000 | BL60: =JK -> 15000 | BM60: =JK -> 15000 | BN60: =JK -> 15000 | BO60: =JK -> 15000 | ... BT60: =JK -> 15000 | BU60: =HP -> 14000 | BV60: =HP -> 14000 | BW60: =HP -> 14000 | BX60: =HP -> 14000 | BY60: =HP -> 14000 | BZ60: =HP -> 14000 | CA60: =HP -> 14000 | CB60: =JK -> 15000 | CC60: =JK -> 15000 | CD60: =JK -> 15000 | CE60: =JK -> 15000 | CF60: =JK -> 15000 | CG60: =JK -> 15000 | CH60: =JK -> 15000 | CI60: =JK -> 15000 | ... CP60: =JK -> 15000
BJ61: =JK -> 15000 | BK61: =JK -> 15000 | BL61: =JK -> 15000 | BM61: =JK -> 15000 | BN61: =JK -> 15000 | BO61: =JK -> 15000 | BP61: =JK -> 15000 | BQ61: =JK -> 15000 | ... BT61: =JK -> 15000 | BU61: =HP -> 14000 | BV61: =HP -> 14000 | BW61: =HP -> 14000 | BX61: =HP -> 14000 | BY61: =HP -> 14000 | BZ61: =HP -> 14000 | CA61: =HP -> 14000 | CB61: =HP -> 14000 | CC61: =JK -> 15000 | CD61: =JK -> 15000 | CE61: =HP -> 14000 | CF61: =HP -> 14000 | CG61: =JK -> 15000 | CH61: =JK -> 15000 | CI61: =JK -> 15000 | CJ61: =JK -> 15000 | CK61: =JK -> 15000 | CL61: =JK -> 15000 | CM61: =JK -> 15000 | CN61: =JK -> 15000 | ... CQ61: =JK -> 15000
BL62: =JK -> 15000 | BM62: =JK -> 15000 | BN62: =JK -> 15000 | BO62: =JK -> 15000 | BP62: =JK -> 15000 | BQ62: =JK -> 15000 | BR62: =JK -> 15000 | BS62: =JK -> 15000 | BT62: =JK -> 15000 | BU62: =HP -> 14000 | BV62: =HP -> 14000 | BW62: =HP -> 14000 | BX62: =HP -> 14000 | BY62: =HP -> 14000 | BZ62: =HP -> 14000 | CA62: =HP -> 14000 | CB62: =HP -> 14000 | ... CF62: =HP -> 14000 | CG62: =JK -> 15000 | CH62: =JK -> 15000 | CI62: =JK -> 15000 | CJ62: =JK -> 15000 | CK62: =JK -> 15000 | CL62: =JK -> 15000 | CM62: =JK -> 15000 | CN62: =JK -> 15000 | ... CQ62: =JK -> 15000
BL63: =JK -> 15000 | BM63: =JK -> 15000 | BN63: =JK -> 15000 | BO63: =JK -> 15000 | BP63: =JK -> 15000 | BQ63: =JK -> 15000 | BR63: =JK -> 15000 | BS63: =JK -> 15000 | BT63: =JK -> 15000 | BU63: =HP -> 14000 | BV63: =HP -> 14000 | BW63: =HP -> 14000 | BX63: =HP -> 14000 | BY63: =HP -> 14000 | BZ63: =HP -> 14000 | CA63: =HP -> 14000 | CB63: =HP -> 14000 | ... CG63: =HP -> 14000 | CH63: =JK -> 15000 | CI63: =JK -> 15000 | CJ63: =JK -> 15000 | CK63: =JK -> 15000 | CL63: =JK -> 15000 | CM63: =JK -> 15000 | CN63: =JK -> 15000 | CO63: =JK -> 15000 | ... CQ63: =JK -> 15000
BL64: =JK -> 15000 | BM64: =JK -> 15000 | BN64: =JK -> 15000 | BO64: =JK -> 15000 | BP64: =JK -> 15000 | BQ64: =JK -> 15000 | BR64: =JK -> 15000 | BS64: =JK -> 15000 | BT64: =JK -> 15000 | BU64: =HP -> 14000 | BV64: =HP -> 14000 | BW64: =HP -> 14000 | BX64: =HP -> 14000 | BY64: =HP -> 14000 | BZ64: =HP -> 14000 | CA64: =HP -> 14000 | CB64: =HP -> 14000 | ... CJ64: =HP -> 14000 | CM64: =JK -> 15000 | CN64: =JK -> 15000 | CO64: =JK -> 15000 | CP64: =JK -> 15000 | CQ64: =JK -> 15000
BM65: =JK -> 15000 | BN65: =JK -> 15000 | BO65: =JK -> 15000 | BP65: =JK -> 15000 | BQ65: =JK -> 15000 | BR65: =JK -> 15000 | BS65: =JK -> 15000 | BT65: =HP -> 14000 | BU65: =HP -> 14000 | BV65: =HP -> 14000 | BW65: =HP -> 14000 | BX65: =HP -> 14000 | BY65: =HP -> 14000 | BZ65: =HP -> 14000 | CA65: =HP -> 14000 | ... CJ65: =HP -> 14000 | CN65: =JK -> 15000 | CO65: =JK -> 15000
BP66: =JK -> 15000 | BQ66: =JK -> 15000 | BR66: =JK -> 15000 | BS66: =HP -> 14000 | BT66: =HP -> 14000 | BU66: =HP -> 14000 | BV66: =HP -> 14000 | BW66: =HP -> 14000 | BX66: =HP -> 14000 | BY66: =HP -> 14000 | BZ66: =HP -> 14000 | ... CJ66: =HP -> 14000 | CN66: =JK -> 15000 | CO66: =JK -> 15000
BQ67: =PB -> 28000 | BR67: =JK -> 15000 | BS67: =HP -> 14000 | BT67: =HP -> 14000 | BU67: =HP -> 14000 | BV67: =HP -> 14000 | BW67: =HP -> 14000 | BX67: =HP -> 14000 | BY67: =HP -> 14000 | BZ67: =HP -> 14000 | ... CJ67: =HP -> 14000
BQ68: =PB -> 28000 | BR68: =PB -> 28000 | BS68: =HP -> 14000 | BT68: =HP -> 14000 | BU68: =HP -> 14000 | BV68: =HP -> 14000 | BW68: =HP -> 14000 | BX68: =HP -> 14000 | BY68: =HP -> 14000 | BZ68: =HP -> 14000 | ... CJ68: =HP -> 14000
BQ69: =PB -> 28000 | BR69: =PB -> 28000 | BS69: =HP -> 14000 | BT69: =HP -> 14000 | BU69: =HP -> 14000 | BV69: =HP -> 14000 | BW69: =HP -> 14000 | BX69: =HP -> 14000 | BY69: =HP -> 14000 | BZ69: =HP -> 14000 | ... CK69: =HP -> 14000
BO70: =PB -> 28000 | BP70: =PB -> 28000 | BQ70: =PB -> 28000 | BR70: =PB -> 28000 | BS70: =PB -> 28000 | BT70: =HP -> 14000 | BU70: =HP -> 14000 | BV70: =HP -> 14000 | BW70: =HP -> 14000 | BX70: =HP -> 14000 | BY70: =HP -> 14000 | BZ70: =HP -> 14000 | CA70: =HP -> 14000 | ... CK70: =HP -> 14000
BN71: =PB -> 28000 | BO71: =PB -> 28000 | BP71: =PB -> 28000 | BQ71: =PB -> 28000 | BR71: =PB -> 28000 | BS71: =PB -> 28000 | BT71: =HP -> 14000 | BU71: =HP -> 14000 | BV71: =HP -> 14000 | BW71: =HP -> 14000 | BX71: =HP -> 14000 | BY71: =HP -> 14000 | BZ71: =HP -> 14000 | CA71: =HP -> 14000 | ... CL71: =HP -> 14000
BL72: =PB -> 28000 | BM72: =PB -> 28000 | BN72: =PB -> 28000 | BO72: =PB -> 28000 | BP72: =PB -> 28000 | BQ72: =PB -> 28000 | BR72: =PB -> 28000 | BS72: =PB -> 28000 | BT72: =PB -> 28000 | BU72: =HP -> 14000 | BV72: =HP -> 14000 | BW72: =HP -> 14000 | BX72: =HP -> 14000 | BY72: =HP -> 14000 | BZ72: =HP -> 14000 | CA72: =HP -> 14000 | CB72: =HP -> 14000 | ... CL72: =HP -> 14000
BL73: =PB -> 28000 | BM73: =PB -> 28000 | BN73: =PB -> 28000 | BO73: =PB -> 28000 | BP73: =PB -> 28000 | BQ73: =PB -> 28000 | BR73: =PB -> 28000 | BS73: =PB -> 28000 | BT73: =PB -> 28000 | BU73: =HP -> 14000 | BV73: =HP -> 14000 | BW73: =HP -> 14000 | BX73: =HP -> 14000 | BY73: =HP -> 14000 | BZ73: =HP -> 14000 | CA73: =HP -> 14000 | CB73: =HP -> 14000 | ... CL73: =HP -> 14000
BL74: =PB -> 28000 | BM74: =PB -> 28000 | BN74: =PB -> 28000 | BO74: =PB -> 28000 | BP74: =PB -> 28000 | BQ74: =PB -> 28000 | BR74: =PB -> 28000 | BS74: =PB -> 28000 | BT74: =PB -> 28000 | BU74: =HP -> 14000 | BV74: =HP -> 14000 | BW74: =HP -> 14000 | BX74: =HP -> 14000 | BY74: =HP -> 14000 | BZ74: =HP -> 14000 | CA74: =HP -> 14000 | CB74: =HP -> 14000 | ... CL74: =HP -> 14000
BL75: =PB -> 28000 | BM75: =PB -> 28000 | BN75: =PB -> 28000 | BO75: =PB -> 28000 | BP75: =PB -> 28000 | BQ75: =PB -> 28000 | BR75: =PB -> 28000 | BS75: =PB -> 28000 | ... BU75: =PB -> 28000 | BV75: =HP -> 14000 | BW75: =HP -> 14000 | BX75: =HP -> 14000 | BY75: =HP -> 14000 | BZ75: =HP -> 14000 | CA75: =HP -> 14000 | CB75: =HP -> 14000 | CC75: =HP -> 14000 | ... CL75: =HP -> 14000
BL76: =PB -> 28000 | BM76: =PB -> 28000 | BN76: =PB -> 28000 | BO76: =PB -> 28000 | BP76: =PB -> 28000 | BQ76: =PB -> 28000 | BR76: =PB -> 28000 | BS76: =PB -> 28000 | ... BU76: =PB -> 28000 | BV76: =HP -> 14000 | BW76: =HP -> 14000 | BX76: =HP -> 14000 | BY76: =HP -> 14000 | BZ76: =HP -> 14000 | CA76: =HP -> 14000 | CB76: =HP -> 14000 | CC76: =HP -> 14000 | ... CL76: =HP -> 14000
BL77: =PB -> 28000 | BM77: =PB -> 28000 | BN77: =PB -> 28000 | BO77: =PB -> 28000 | BP77: =PB -> 28000 | BQ77: =PB -> 28000 | BR77: =PB -> 28000 | BS77: =PB -> 28000 | ... BU77: =PB -> 28000 | BV77: =HP -> 14000 | BW77: =HP -> 14000 | BX77: =HP -> 14000 | BY77: =HP -> 14000 | BZ77: =HP -> 14000 | CA77: =HP -> 14000 | CB77: =HP -> 14000 | CC77: =HP -> 14000 | ... CL77: =HP -> 14000
BL78: =PB -> 28000 | BM78: =PB -> 28000 | BN78: =PB -> 28000 | BO78: =PB -> 28000 | BP78: =PB -> 28000 | BQ78: =PB -> 28000 | BR78: =PB -> 28000 | BS78: =PB -> 28000 | ... BW78: =PB -> 28000 | BX78: =HP -> 14000 | BY78: =HP -> 14000 | BZ78: =HP -> 14000 | CA78: =HP -> 14000 | CB78: =HP -> 14000 | CC78: =HP -> 14000 | CD78: =HP -> 14000 | CE78: =HP -> 14000 | ... CM78: =HP -> 14000 | CO78: =UT -> 34000
BL79: =PB -> 28000 | BM79: =PB -> 28000 | BN79: =PB -> 28000 | BO79: =PB -> 28000 | BP79: =PB -> 28000 | BQ79: =PB -> 28000 | BR79: =PB -> 28000 | BS79: =PB -> 28000 | ... BW79: =PB -> 28000 | BX79: =HP -> 14000 | BY79: =HP -> 14000 | BZ79: =HP -> 14000 | CA79: =HP -> 14000 | CB79: =HP -> 14000 | CC79: =HP -> 14000 | CD79: =HP -> 14000 | CE79: =HP -> 14000 | ... CI79: =HP -> 14000 | CJ79: =UT -> 34000 | CK79: =HP -> 14000 | CL79: =HP -> 14000 | CM79: =HP -> 14000 | CN79: =UT -> 34000 | CO79: =UT -> 34000
BL80: =PB -> 28000 | BM80: =PB -> 28000 | BN80: =PB -> 28000 | BO80: =PB -> 28000 | BP80: =PB -> 28000 | BQ80: =PB -> 28000 | BR80: =PB -> 28000 | BS80: =PB -> 28000 | ... BX80: =PB -> 28000 | BY80: =HP -> 14000 | BZ80: =HP -> 14000 | CA80: =HP -> 14000 | CB80: =HP -> 14000 | CC80: =HP -> 14000 | CD80: =HP -> 14000 | CE80: =HP -> 14000 | CF80: =HP -> 14000 | CG80: =HP -> 14000 | CH80: =UT -> 34000 | CI80: =UT -> 34000 | CJ80: =UT -> 34000 | CK80: =UT -> 34000 | CL80: =UT -> 34000 | CM80: =UT -> 34000 | CN80: =UT -> 34000 | CO80: =UT -> 34000 | CP80: =UT -> 34000
BL81: =PB -> 28000 | BM81: =PB -> 28000 | BN81: =PB -> 28000 | BO81: =PB -> 28000 | BP81: =PB -> 28000 | BQ81: =PB -> 28000 | BR81: =PB -> 28000 | BS81: =PB -> 28000 | ... BX81: =PB -> 28000 | BY81: =HP -> 14000 | BZ81: =HP -> 14000 | CA81: =HP -> 14000 | CB81: =HP -> 14000 | CC81: =HP -> 14000 | CD81: =HP -> 14000 | CE81: =HP -> 14000 | CF81: =HP -> 14000 | CG81: =HP -> 14000 | CH81: =UT -> 34000 | CI81: =UT -> 34000 | CJ81: =UT -> 34000 | CK81: =UT -> 34000 | CL81: =UT -> 34000 | CM81: =UT -> 34000 | CN81: =UT -> 34000 | CO81: =UT -> 34000 | CP81: =UT -> 34000
BK82: =PB -> 28000 | BL82: =PB -> 28000 | BM82: =PB -> 28000 | BN82: =PB -> 28000 | BO82: =PB -> 28000 | BP82: =PB -> 28000 | BQ82: =PB -> 28000 | BR82: =PB -> 28000 | ... BY82: =PB -> 28000 | BZ82: =HP -> 14000 | CA82: =HP -> 14000 | CB82: =HP -> 14000 | CC82: =HP -> 14000 | CD82: =HP -> 14000 | CE82: =HP -> 14000 | CF82: =HP -> 14000 | CG82: =UT -> 34000 | CH82: =UT -> 34000 | CI82: =UT -> 34000 | CJ82: =UT -> 34000 | CK82: =UT -> 34000 | CL82: =UT -> 34000 | CM82: =UT -> 34000 | CN82: =UT -> 34000 | ... CQ82: =UT -> 34000
BK83: =PB -> 28000 | BL83: =PB -> 28000 | BM83: =PB -> 28000 | BN83: =PB -> 28000 | BO83: =PB -> 28000 | BP83: =PB -> 28000 | BQ83: =PB -> 28000 | BR83: =PB -> 28000 | ... BY83: =PB -> 28000 | BZ83: =HP -> 14000 | CA83: =HP -> 14000 | CB83: =HP -> 14000 | CC83: =HP -> 14000 | CD83: =HP -> 14000 | CE83: =HP -> 14000 | CF83: =HP -> 14000 | CG83: =UT -> 34000 | CH83: =UT -> 34000 | CI83: =UT -> 34000 | CJ83: =UT -> 34000 | CK83: =UT -> 34000 | CL83: =UT -> 34000 | CM83: =UT -> 34000 | CN83: =UT -> 34000 | ... CS83: =UT -> 34000
BJ84: =PB -> 28000 | BK84: =PB -> 28000 | BL84: =PB -> 28000 | BM84: =PB -> 28000 | BN84: =PB -> 28000 | BO84: =PB -> 28000 | BP84: =PB -> 28000 | BQ84: =PB -> 28000 | ... CA84: =PB -> 28000 | CB84: =HP -> 14000 | CC84: =HP -> 14000 | CD84: =HP -> 14000 | CE84: =HP -> 14000 | CF84: =HP -> 14000 | CG84: =UT -> 34000 | CH84: =UT -> 34000 | CI84: =UT -> 34000 | CJ84: =UT -> 34000 | CK84: =UT -> 34000 | CL84: =UT -> 34000 | CM84: =UT -> 34000 | CN84: =UT -> 34000 | ... CT84: =UT -> 34000
BI85: =PB -> 28000 | BJ85: =PB -> 28000 | BK85: =PB -> 28000 | BL85: =PB -> 28000 | BM85: =PB -> 28000 | BN85: =PB -> 28000 | BO85: =PB -> 28000 | BP85: =PB -> 28000 | ... BY85: =PB -> 28000 | BZ85: =CH -> 6000 | CA85: =CH -> 6000 | CB85: =HR -> 13000 | CC85: =HP -> 14000 | CD85: =HP -> 14000 | CE85: =HP -> 14000 | CF85: =HP -> 14000 | CG85: =UT -> 34000 | CH85: =UT -> 34000 | CI85: =UT -> 34000 | CJ85: =UT -> 34000 | CK85: =UT -> 34000 | CL85: =UT -> 34000 | CM85: =UT -> 34000 | CN85: =UT -> 34000 | ... CU85: =UT -> 34000
BI86: =PB -> 28000 | BJ86: =PB -> 28000 | BK86: =PB -> 28000 | BL86: =PB -> 28000 | BM86: =PB -> 28000 | BN86: =PB -> 28000 | BO86: =PB -> 28000 | BP86: =PB -> 28000 | ... BY86: =PB -> 28000 | BZ86: =CH -> 6000 | CA86: =CH -> 6000 | CB86: =HR -> 13000 | CC86: =HP -> 14000 | CD86: =HP -> 14000 | CE86: =HP -> 14000 | CF86: =HP -> 14000 | CG86: =UT -> 34000 | CH86: =UT -> 34000 | CI86: =UT -> 34000 | CJ86: =UT -> 34000 | CK86: =UT -> 34000 | CL86: =UT -> 34000 | CM86: =UT -> 34000 | CN86: =UT -> 34000 | ... CU86: =UT -> 34000
BH87: =PB -> 28000 | BI87: =PB -> 28000 | BJ87: =PB -> 28000 | BK87: =PB -> 28000 | BL87: =PB -> 28000 | BM87: =PB -> 28000 | BN87: =PB -> 28000 | BO87: =PB -> 28000 | ... BY87: =PB -> 28000 | BZ87: =CH -> 6000 | CA87: =CH -> 6000 | CB87: =HR -> 13000 | CC87: =HP -> 14000 | CD87: =HP -> 14000 | CE87: =HP -> 14000 | CF87: =HP -> 14000 | CG87: =UT -> 34000 | CH87: =UT -> 34000 | CI87: =UT -> 34000 | CJ87: =UT -> 34000 | CK87: =UT -> 34000 | CL87: =UT -> 34000 | CM87: =UT -> 34000 | CN87: =UT -> 34000 | ... CV87: =UT -> 34000
BH88: =PB -> 28000 | BI88: =PB -> 28000 | BJ88: =PB -> 28000 | BK88: =PB -> 28000 | BL88: =PB -> 28000 | BM88: =PB -> 28000 | BN88: =PB -> 28000 | BO88: =PB -> 28000 | ... BY88: =PB -> 28000 | BZ88: =CH -> 6000 | CA88: =HR -> 13000 | CB88: =HR -> 13000 | CC88: =HR -> 13000 | CD88: =HP -> 14000 | CE88: =HP -> 14000 | CF88: =UT -> 34000 | CG88: =UT -> 34000 | CH88: =UT -> 34000 | CI88: =UT -> 34000 | CJ88: =UT -> 34000 | CK88: =UT -> 34000 | CL88: =UT -> 34000 | CM88: =UT -> 34000 | ... CX88: =UT -> 34000
BG89: =PB -> 28000 | BH89: =PB -> 28000 | BI89: =PB -> 28000 | BJ89: =PB -> 28000 | BK89: =PB -> 28000 | BL89: =PB -> 28000 | BM89: =PB -> 28000 | BN89: =PB -> 28000 | ... BY89: =PB -> 28000 | BZ89: =CH -> 6000 | CA89: =HR -> 13000 | CB89: =HR -> 13000 | CC89: =HR -> 13000 | CD89: =HR -> 13000 | CE89: =HR -> 13000 | CF89: =UP -> 35000 | CG89: =UT -> 34000 | CH89: =UT -> 34000 | CI89: =UT -> 34000 | CJ89: =UT -> 34000 | CK89: =UT -> 34000 | CL89: =UT -> 34000 | CM89: =UT -> 34000 | CN89: =UT -> 34000 | ... CY89: =UT -> 34000
BG90: =PB -> 28000 | BH90: =PB -> 28000 | BI90: =PB -> 28000 | BJ90: =PB -> 28000 | BK90: =PB -> 28000 | BL90: =PB -> 28000 | BM90: =PB -> 28000 | BN90: =PB -> 28000 | ... BX90: =PB -> 28000 | BY90: =HR -> 13000 | BZ90: =HR -> 13000 | CA90: =HR -> 13000 | CB90: =HR -> 13000 | CC90: =HR -> 13000 | CD90: =HR -> 13000 | CE90: =HR -> 13000 | CF90: =UP -> 35000 | CG90: =UT -> 34000 | CH90: =UT -> 34000 | CI90: =UT -> 34000 | CJ90: =UT -> 34000 | CK90: =UT -> 34000 | CL90: =UT -> 34000 | CM90: =UT -> 34000 | CN90: =UT -> 34000 | ... CZ90: =UT -> 34000
BH91: =PB -> 28000 | BI91: =PB -> 28000 | BJ91: =PB -> 28000 | BK91: =PB -> 28000 | BL91: =PB -> 28000 | BM91: =PB -> 28000 | BN91: =PB -> 28000 | BO91: =PB -> 28000 | ... BX91: =PB -> 28000 | BY91: =HR -> 13000 | BZ91: =HR -> 13000 | CA91: =HR -> 13000 | CB91: =HR -> 13000 | CC91: =HR -> 13000 | CD91: =HR -> 13000 | CE91: =UP -> 35000 | CF91: =UP -> 35000 | CG91: =UT -> 34000 | CH91: =UT -> 34000 | CI91: =UT -> 34000 | CJ91: =UT -> 34000 | CK91: =UT -> 34000 | CL91: =UT -> 34000 | CM91: =UT -> 34000 | CN91: =UT -> 34000 | ... CZ91: =UT -> 34000 | GT91: =AR -> 3000 | GU91: =AR -> 3000 | GV91: =AR -> 3000
BF92: =PB -> 28000 | BG92: =PB -> 28000 | BH92: =PB -> 28000 | BI92: =PB -> 28000 | BJ92: =PB -> 28000 | BK92: =PB -> 28000 | BL92: =PB -> 28000 | BM92: =PB -> 28000 | ... BV92: =PB -> 28000 | BX92: =HR -> 13000 | BY92: =HR -> 13000 | BZ92: =HR -> 13000 | CA92: =HR -> 13000 | CB92: =HR -> 13000 | CC92: =HR -> 13000 | CD92: =HR -> 13000 | CE92: =UP -> 35000 | CF92: =UP -> 35000 | CG92: =UT -> 34000 | CH92: =UT -> 34000 | CI92: =UT -> 34000 | CJ92: =UT -> 34000 | CK92: =UT -> 34000 | CL92: =UT -> 34000 | CM92: =UT -> 34000 | CN92: =UT -> 34000 | ... CY92: =UT -> 34000 | GT92: =AR -> 3000 | GU92: =AR -> 3000 | GV92: =AR -> 3000
BE93: =RJ -> 29000 | BF93: =PB -> 28000 | BG93: =PB -> 28000 | BH93: =PB -> 28000 | BI93: =PB -> 28000 | BJ93: =PB -> 28000 | BK93: =PB -> 28000 | BL93: =PB -> 28000 | BM93: =PB -> 28000 | ... BV93: =PB -> 28000 | BW93: =HR -> 13000 | BX93: =HR -> 13000 | BY93: =HR -> 13000 | BZ93: =HR -> 13000 | CA93: =HR -> 13000 | CB93: =HR -> 13000 | CC93: =HR -> 13000 | CD93: =UP -> 35000 | CE93: =UP -> 35000 | CF93: =UP -> 35000 | CG93: =UT -> 34000 | CH93: =UT -> 34000 | CI93: =UT -> 34000 | CJ93: =UT -> 34000 | CK93: =UT -> 34000 | CL93: =UT -> 34000 | CM93: =UT -> 34000 | CN93: =UT -> 34000 | ... CX93: =UT -> 34000 | GS93: =AR -> 3000 | GT93: =AR -> 3000 | GU93: =AR -> 3000 | GV93: =AR -> 3000 | GW93: =AR -> 3000 | GX93: =AR -> 3000
BD94: =RJ -> 29000 | BE94: =RJ -> 29000 | BF94: =RJ -> 29000 | BG94: =RJ -> 29000 | BH94: =RJ -> 29000 | BI94: =RJ -> 29000 | BJ94: =RJ -> 29000 | BK94: =RJ -> 29000 | BL94: =HR -> 13000 | BM94: =HR -> 13000 | BN94: =PB -> 28000 | BO94: =PB -> 28000 | BP94: =PB -> 28000 | BQ94: =PB -> 28000 | BR94: =PB -> 28000 | BS94: =PB -> 28000 | BT94: =PB -> 28000 | BU94: =PB -> 28000 | BV94: =HR -> 13000 | BW94: =HR -> 13000 | BX94: =HR -> 13000 | BY94: =HR -> 13000 | BZ94: =HR -> 13000 | CA94: =HR -> 13000 | CB94: =HR -> 13000 | CC94: =UP -> 35000 | CD94: =UP -> 35000 | CE94: =UP -> 35000 | CF94: =UP -> 35000 | CG94: =UT -> 34000 | CH94: =UT -> 34000 | CI94: =UT -> 34000 | CJ94: =UT -> 34000 | CK94: =UT -> 34000 | CL94: =UT -> 34000 | CM94: =UT -> 34000 | CN94: =UT -> 34000 | ... CX94: =UT -> 34000 | GL94: =AR -> 3000 | GM94: =AR -> 3000 | GS94: =AR -> 3000 | GT94: =AR -> 3000 | GU94: =AR -> 3000 | GV94: =AR -> 3000 | GW94: =AR -> 3000
BC95: =RJ -> 29000 | BD95: =RJ -> 29000 | BE95: =RJ -> 29000 | BF95: =RJ -> 29000 | BG95: =RJ -> 29000 | BH95: =RJ -> 29000 | BI95: =RJ -> 29000 | BJ95: =RJ -> 29000 | BK95: =HR -> 13000 | BL95: =HR -> 13000 | BM95: =HR -> 13000 | BN95: =HR -> 13000 | BO95: =PB -> 28000 | BP95: =HR -> 13000 | BQ95: =PB -> 28000 | BR95: =PB -> 28000 | BS95: =PB -> 28000 | BT95: =PB -> 28000 | BU95: =PB -> 28000 | BV95: =HR -> 13000 | BW95: =HR -> 13000 | BX95: =HR -> 13000 | BY95: =HR -> 13000 | BZ95: =HR -> 13000 | CA95: =HR -> 13000 | CB95: =HR -> 13000 | CC95: =UP -> 35000 | CD95: =UP -> 35000 | CE95: =UP -> 35000 | CF95: =UP -> 35000 | CG95: =UT -> 34000 | CH95: =UT -> 34000 | CI95: =UT -> 34000 | CJ95: =UT -> 34000 | CK95: =UT -> 34000 | CL95: =UT -> 34000 | CM95: =UT -> 34000 | CN95: =UT -> 34000 | ... CW95: =UT -> 34000 | GL95: =AR -> 3000 | GM95: =AR -> 3000 | GS95: =AR -> 3000 | GT95: =AR -> 3000 | GU95: =AR -> 3000 | GV95: =AR -> 3000 | GX95: =AR -> 3000
BC96: =RJ -> 29000 | BD96: =RJ -> 29000 | BE96: =RJ -> 29000 | BF96: =RJ -> 29000 | BG96: =RJ -> 29000 | BH96: =RJ -> 29000 | BI96: =RJ -> 29000 | BJ96: =RJ -> 29000 | BK96: =HR -> 13000 | BL96: =HR -> 13000 | BM96: =HR -> 13000 | BN96: =HR -> 13000 | BO96: =HR -> 13000 | BP96: =HR -> 13000 | BQ96: =PB -> 28000 | BR96: =HR -> 13000 | BS96: =HR -> 13000 | BT96: =HR -> 13000 | BU96: =HR -> 13000 | BV96: =HR -> 13000 | BW96: =HR -> 13000 | BX96: =HR -> 13000 | BY96: =HR -> 13000 | ... CB96: =HR -> 13000 | CC96: =UP -> 35000 | CD96: =UP -> 35000 | CE96: =UP -> 35000 | CF96: =UP -> 35000 | CG96: =UT -> 34000 | CH96: =UT -> 34000 | CI96: =UT -> 34000 | CJ96: =UP -> 35000 | CK96: =UT -> 34000 | CL96: =UT -> 34000 | CM96: =UT -> 34000 | CN96: =UT -> 34000 | CO96: =UT -> 34000 | CP96: =UT -> 34000 | CQ96: =UT -> 34000 | CR96: =UT -> 34000 | ... CW96: =UT -> 34000 | GK96: =AR -> 3000 | GL96: =AR -> 3000 | GM96: =AR -> 3000 | GN96: =AR -> 3000 | GO96: =AR -> 3000 | GP96: =AR -> 3000 | GQ96: =AR -> 3000 | GR96: =AR -> 3000 | ... GV96: =AR -> 3000 | GX96: =AR -> 3000
BC97: =RJ -> 29000 | BD97: =RJ -> 29000 | BE97: =RJ -> 29000 | BF97: =RJ -> 29000 | BG97: =RJ -> 29000 | BH97: =RJ -> 29000 | BI97: =RJ -> 29000 | BJ97: =RJ -> 29000 | BK97: =RJ -> 29000 | BL97: =HR -> 13000 | BM97: =HR -> 13000 | BN97: =HR -> 13000 | BO97: =HR -> 13000 | BP97: =HR -> 13000 | BQ97: =HR -> 13000 | BR97: =HR -> 13000 | BS97: =HR -> 13000 | ... CB97: =HR -> 13000 | CC97: =UP -> 35000 | CD97: =UP -> 35000 | CE97: =UP -> 35000 | CF97: =UP -> 35000 | CG97: =UP -> 35000 | CH97: =UP -> 35000 | CI97: =UP -> 35000 | CJ97: =UP -> 35000 | CK97: =UT -> 34000 | CL97: =UT -> 34000 | CM97: =UT -> 34000 | CN97: =UT -> 34000 | CO97: =UT -> 34000 | CP97: =UT -> 34000 | CQ97: =UT -> 34000 | CR97: =UT -> 34000 | ... CW97: =UT -> 34000 | GJ97: =AR -> 3000 | GK97: =AR -> 3000 | GL97: =AR -> 3000 | GM97: =AR -> 3000 | GN97: =AR -> 3000 | GO97: =AR -> 3000 | GP97: =AR -> 3000 | GQ97: =AR -> 3000 | ... GY97: =AR -> 3000
BC98: =RJ -> 29000 | BD98: =RJ -> 29000 | BE98: =RJ -> 29000 | BF98: =RJ -> 29000 | BG98: =RJ -> 29000 | BH98: =RJ -> 29000 | BI98: =RJ -> 29000 | BJ98: =RJ -> 29000 | BK98: =RJ -> 29000 | BL98: =HR -> 13000 | BM98: =HR -> 13000 | BN98: =HR -> 13000 | BO98: =HR -> 13000 | BP98: =HR -> 13000 | BQ98: =HR -> 13000 | BR98: =HR -> 13000 | BS98: =HR -> 13000 | ... CA98: =HR -> 13000 | CB98: =UP -> 35000 | CC98: =UP -> 35000 | CD98: =UP -> 35000 | CE98: =UP -> 35000 | CF98: =UP -> 35000 | CG98: =UP -> 35000 | CH98: =UP -> 35000 | CI98: =UP -> 35000 | ... CK98: =UP -> 35000 | CL98: =UT -> 34000 | CM98: =UT -> 34000 | CN98: =UT -> 34000 | CO98: =UT -> 34000 | CP98: =UT -> 34000 | CQ98: =UT -> 34000 | CR98: =UT -> 34000 | CS98: =UT -> 34000 | ... CW98: =UT -> 34000 | GJ98: =AR -> 3000 | GK98: =AR -> 3000 | GL98: =AR -> 3000 | GM98: =AR -> 3000 | GN98: =AR -> 3000 | GO98: =AR -> 3000 | GP98: =AR -> 3000 | GQ98: =AR -> 3000 | ... GY98: =AR -> 3000
BC99: =RJ -> 29000 | BD99: =RJ -> 29000 | BE99: =RJ -> 29000 | BF99: =RJ -> 29000 | BG99: =RJ -> 29000 | BH99: =RJ -> 29000 | BI99: =RJ -> 29000 | BJ99: =RJ -> 29000 | BK99: =RJ -> 29000 | BL99: =HR -> 13000 | BM99: =HR -> 13000 | BN99: =HR -> 13000 | BO99: =HR -> 13000 | BP99: =HR -> 13000 | BQ99: =HR -> 13000 | BR99: =HR -> 13000 | BS99: =HR -> 13000 | ... CB99: =HR -> 13000 | CC99: =UP -> 35000 | CD99: =UP -> 35000 | CE99: =UP -> 35000 | CF99: =UP -> 35000 | CG99: =UP -> 35000 | CH99: =UP -> 35000 | CI99: =UP -> 35000 | CJ99: =UP -> 35000 | ... CL99: =UP -> 35000 | CM99: =UT -> 34000 | CN99: =UT -> 34000 | CO99: =UT -> 34000 | CP99: =UT -> 34000 | CQ99: =UT -> 34000 | CR99: =UT -> 34000 | CS99: =UT -> 34000 | CT99: =UT -> 34000 | ... CV99: =UT -> 34000 | GI99: =AR -> 3000 | GJ99: =AR -> 3000 | GK99: =AR -> 3000 | GL99: =AR -> 3000 | GM99: =AR -> 3000 | GN99: =AR -> 3000 | GO99: =AR -> 3000 | GP99: =AR -> 3000 | ... GX99: =AR -> 3000
BC100: =RJ -> 29000 | BD100: =RJ -> 29000 | BE100: =RJ -> 29000 | BF100: =RJ -> 29000 | BG100: =RJ -> 29000 | BH100: =RJ -> 29000 | BI100: =RJ -> 29000 | BJ100: =RJ -> 29000 | BK100: =RJ -> 29000 | BL100: =HR -> 13000 | BM100: =HR -> 13000 | BN100: =HR -> 13000 | BO100: =HR -> 13000 | BP100: =HR -> 13000 | BQ100: =HR -> 13000 | BR100: =HR -> 13000 | BS100: =HR -> 13000 | ... CB100: =HR -> 13000 | CC100: =UP -> 35000 | CD100: =UP -> 35000 | CE100: =UP -> 35000 | CF100: =UP -> 35000 | CG100: =UP -> 35000 | CH100: =UP -> 35000 | CI100: =UP -> 35000 | CJ100: =UP -> 35000 | ... CL100: =UP -> 35000 | CM100: =UT -> 34000 | CN100: =UT -> 34000 | CO100: =UT -> 34000 | CP100: =UT -> 34000 | CQ100: =UT -> 34000 | CR100: =UT -> 34000 | CS100: =UT -> 34000 | CT100: =UT -> 34000 | ... CV100: =UT -> 34000 | GI100: =AR -> 3000 | GJ100: =AR -> 3000 | GK100: =AR -> 3000 | GL100: =AR -> 3000 | GM100: =AR -> 3000 | GN100: =AR -> 3000 | GO100: =AR -> 3000 | GP100: =AR -> 3000 | ... GX100: =AR -> 3000
BB101: =RJ -> 29000 | BC101: =RJ -> 29000 | BD101: =RJ -> 29000 | BE101: =RJ -> 29000 | BF101: =RJ -> 29000 | BG101: =RJ -> 29000 | BH101: =RJ -> 29000 | BI101: =RJ -> 29000 | ... BK101: =RJ -> 29000 | BL101: =HR -> 13000 | BM101: =HR -> 13000 | BN101: =HR -> 13000 | BO101: =HR -> 13000 | BP101: =HR -> 13000 | BQ101: =HR -> 13000 | BR101: =HR -> 13000 | BS101: =HR -> 13000 | ... CB101: =HR -> 13000 | CC101: =UP -> 35000 | CD101: =UP -> 35000 | CE101: =UP -> 35000 | CF101: =UP -> 35000 | CG101: =UP -> 35000 | CH101: =UP -> 35000 | CI101: =UP -> 35000 | CJ101: =UP -> 35000 | ... CL101: =UP -> 35000 | CM101: =UT -> 34000 | CN101: =UT -> 34000 | CO101: =UT -> 34000 | CP101: =UT -> 34000 | CQ101: =UT -> 34000 | CR101: =UT -> 34000 | CS101: =UT -> 34000 | CT101: =UT -> 34000 | ... CV101: =UT -> 34000 | GI101: =AR -> 3000 | GJ101: =AR -> 3000 | GK101: =AR -> 3000 | GL101: =AR -> 3000 | GM101: =AR -> 3000 | GN101: =AR -> 3000 | GO101: =AR -> 3000 | GP101: =AR -> 3000 | ... GW101: =AR -> 3000 | GZ101: =AR -> 3000
BB102: =RJ -> 29000 | BC102: =RJ -> 29000 | BD102: =RJ -> 29000 | BE102: =RJ -> 29000 | BF102: =RJ -> 29000 | BG102: =RJ -> 29000 | BH102: =RJ -> 29000 | BI102: =RJ -> 29000 | ... BP102: =RJ -> 29000 | BQ102: =HR -> 13000 | BR102: =HR -> 13000 | BS102: =HR -> 13000 | BT102: =HR -> 13000 | BU102: =HR -> 13000 | BV102: =HR -> 13000 | BW102: =HR -> 13000 | BX102: =HR -> 13000 | ... CB102: =HR -> 13000 | CC102: =UP -> 35000 | CD102: =UP -> 35000 | CE102: =UP -> 35000 | CF102: =UP -> 35000 | CG102: =UP -> 35000 | CH102: =UP -> 35000 | CI102: =UP -> 35000 | CJ102: =UP -> 35000 | ... CM102: =UP -> 35000 | CN102: =UT -> 34000 | CO102: =UT -> 34000 | CP102: =UT -> 34000 | CQ102: =UT -> 34000 | CR102: =UT -> 34000 | CS102: =UT -> 34000 | CT102: =UT -> 34000 | CU102: =UT -> 34000 | CV102: =UT -> 34000 | GG102: =AR -> 3000 | GH102: =AR -> 3000 | GI102: =AR -> 3000 | GJ102: =AR -> 3000 | GK102: =AR -> 3000 | GL102: =AR -> 3000 | GM102: =AR -> 3000 | GN102: =AR -> 3000 | ... GW102: =AR -> 3000 | GZ102: =AR -> 3000 | HA102: =AR -> 3000 | HB102: =AR -> 3000 | HC102: =AR -> 3000
BA103: =RJ -> 29000 | BB103: =RJ -> 29000 | BC103: =RJ -> 29000 | BD103: =RJ -> 29000 | BE103: =RJ -> 29000 | BF103: =RJ -> 29000 | BG103: =RJ -> 29000 | BH103: =RJ -> 29000 | ... BP103: =RJ -> 29000 | BQ103: =HR -> 13000 | BR103: =HR -> 13000 | BS103: =HR -> 13000 | BT103: =HR -> 13000 | BU103: =HR -> 13000 | BV103: =HR -> 13000 | BW103: =HR -> 13000 | BX103: =HR -> 13000 | ... CB103: =HR -> 13000 | CC103: =UP -> 35000 | CD103: =UP -> 35000 | CE103: =UP -> 35000 | CF103: =UP -> 35000 | CG103: =UP -> 35000 | CH103: =UP -> 35000 | CI103: =UP -> 35000 | CJ103: =UP -> 35000 | ... CN103: =UP -> 35000 | CO103: =UT -> 34000 | CP103: =UT -> 34000 | CQ103: =UT -> 34000 | CR103: =UT -> 34000 | CS103: =UT -> 34000 | CT103: =UT -> 34000 | CU103: =UT -> 34000 | CV103: =UT -> 34000 | GE103: =AR -> 3000 | GF103: =AR -> 3000 | GG103: =AR -> 3000 | GH103: =AR -> 3000 | GI103: =AR -> 3000 | GJ103: =AR -> 3000 | GK103: =AR -> 3000 | GL103: =AR -> 3000 | ... HE103: =AR -> 3000
BA104: =RJ -> 29000 | BB104: =RJ -> 29000 | BC104: =RJ -> 29000 | BD104: =RJ -> 29000 | BE104: =RJ -> 29000 | BF104: =RJ -> 29000 | BG104: =RJ -> 29000 | BH104: =RJ -> 29000 | ... BP104: =RJ -> 29000 | BR104: =HR -> 13000 | BS104: =HR -> 13000 | BT104: =HR -> 13000 | BU104: =HR -> 13000 | BV104: =HR -> 13000 | BW104: =HR -> 13000 | BX104: =HR -> 13000 | BY104: =HR -> 13000 | ... CB104: =HR -> 13000 | CC104: =UP -> 35000 | CD104: =UP -> 35000 | CE104: =UP -> 35000 | CF104: =UP -> 35000 | CG104: =UP -> 35000 | CH104: =UP -> 35000 | CI104: =UP -> 35000 | CJ104: =UP -> 35000 | ... CO104: =UP -> 35000 | CP104: =UT -> 34000 | CQ104: =UT -> 34000 | CR104: =UT -> 34000 | CS104: =UT -> 34000 | CT104: =UT -> 34000 | CU104: =UT -> 34000 | GD104: =AR -> 3000 | GE104: =AR -> 3000 | GF104: =AR -> 3000 | GG104: =AR -> 3000 | GH104: =AR -> 3000 | GI104: =AR -> 3000 | GJ104: =AR -> 3000 | GK104: =AR -> 3000 | ... HE104: =AR -> 3000
AY105: =RJ -> 29000 | AZ105: =RJ -> 29000 | BA105: =RJ -> 29000 | BB105: =RJ -> 29000 | BC105: =RJ -> 29000 | BD105: =RJ -> 29000 | BE105: =RJ -> 29000 | BF105: =RJ -> 29000 | ... BQ105: =RJ -> 29000 | BR105: =HR -> 13000 | BS105: =HR -> 13000 | BT105: =HR -> 13000 | BU105: =HR -> 13000 | BV105: =HR -> 13000 | BW105: =HR -> 13000 | BX105: =HR -> 13000 | BY105: =HR -> 13000 | ... CB105: =HR -> 13000 | CC105: =UP -> 35000 | CD105: =UP -> 35000 | CE105: =UP -> 35000 | CF105: =UP -> 35000 | CG105: =UP -> 35000 | CH105: =UP -> 35000 | CI105: =UP -> 35000 | CJ105: =UP -> 35000 | ... CP105: =UP -> 35000 | CQ105: =UT -> 34000 | CR105: =UT -> 34000 | CS105: =UT -> 34000 | CT105: =UT -> 34000 | CU105: =UT -> 34000 | GD105: =AR -> 3000 | GE105: =AR -> 3000 | GF105: =AR -> 3000 | GG105: =AR -> 3000 | GH105: =AR -> 3000 | GI105: =AR -> 3000 | GJ105: =AR -> 3000 | GK105: =AR -> 3000 | ... HE105: =AR -> 3000
AY106: =RJ -> 29000 | AZ106: =RJ -> 29000 | BA106: =RJ -> 29000 | BB106: =RJ -> 29000 | BC106: =RJ -> 29000 | BD106: =RJ -> 29000 | BE106: =RJ -> 29000 | BF106: =RJ -> 29000 | ... BQ106: =RJ -> 29000 | BR106: =HR -> 13000 | BS106: =HR -> 13000 | BT106: =HR -> 13000 | BU106: =HR -> 13000 | BV106: =HR -> 13000 | BW106: =HR -> 13000 | BX106: =HR -> 13000 | BY106: =HR -> 13000 | ... CA106: =HR -> 13000 | CB106: =DL -> 10000 | CC106: =UP -> 35000 | CD106: =UP -> 35000 | CE106: =UP -> 35000 | CF106: =UP -> 35000 | CG106: =UP -> 35000 | CH106: =UP -> 35000 | CI106: =UP -> 35000 | CJ106: =UP -> 35000 | ... CQ106: =UP -> 35000 | CR106: =UT -> 34000 | CS106: =UT -> 34000 | CT106: =UT -> 34000 | CU106: =UT -> 34000 | GD106: =AR -> 3000 | GE106: =AR -> 3000 | GF106: =AR -> 3000 | GG106: =AR -> 3000 | GH106: =AR -> 3000 | GI106: =AR -> 3000 | GJ106: =AR -> 3000 | GK106: =AR -> 3000 | ... HE106: =AR -> 3000
AW107: =RJ -> 29000 | AX107: =RJ -> 29000 | AY107: =RJ -> 29000 | AZ107: =RJ -> 29000 | BA107: =RJ -> 29000 | BB107: =RJ -> 29000 | BC107: =RJ -> 29000 | BD107: =RJ -> 29000 | ... BQ107: =RJ -> 29000 | BR107: =HR -> 13000 | BS107: =HR -> 13000 | BT107: =HR -> 13000 | BU107: =HR -> 13000 | BV107: =HR -> 13000 | BW107: =HR -> 13000 | BX107: =HR -> 13000 | BY107: =HR -> 13000 | BZ107: =HR -> 13000 | CA107: =DL -> 10000 | CB107: =DL -> 10000 | CC107: =UP -> 35000 | CD107: =UP -> 35000 | CE107: =UP -> 35000 | CF107: =UP -> 35000 | CG107: =UP -> 35000 | CH107: =UP -> 35000 | CI107: =UP -> 35000 | CJ107: =UP -> 35000 | ... CT107: =UP -> 35000 | CU107: =UT -> 34000 | GC107: =AR -> 3000 | GD107: =AR -> 3000 | GE107: =AR -> 3000 | GF107: =AR -> 3000 | GG107: =AR -> 3000 | GH107: =AR -> 3000 | GI107: =AR -> 3000 | GJ107: =AR -> 3000 | ... HD107: =AR -> 3000
AW108: =RJ -> 29000 | AX108: =RJ -> 29000 | AY108: =RJ -> 29000 | AZ108: =RJ -> 29000 | BA108: =RJ -> 29000 | BB108: =RJ -> 29000 | BC108: =RJ -> 29000 | BD108: =RJ -> 29000 | ... BQ108: =RJ -> 29000 | BR108: =HR -> 13000 | BS108: =HR -> 13000 | BT108: =HR -> 13000 | BU108: =HR -> 13000 | BV108: =HR -> 13000 | BW108: =HR -> 13000 | BX108: =HR -> 13000 | BY108: =HR -> 13000 | BZ108: =HR -> 13000 | CA108: =DL -> 10000 | CB108: =DL -> 10000 | CC108: =DL -> 10000 | CD108: =UP -> 35000 | CE108: =UP -> 35000 | CF108: =UP -> 35000 | CG108: =UP -> 35000 | CH108: =UP -> 35000 | CI108: =UP -> 35000 | CJ108: =UP -> 35000 | CK108: =UP -> 35000 | ... CV108: =UP -> 35000 | GA108: =AR -> 3000 | GB108: =AR -> 3000 | GC108: =AR -> 3000 | GD108: =AR -> 3000 | GE108: =AR -> 3000 | GF108: =AR -> 3000 | GG108: =AR -> 3000 | GH108: =AR -> 3000 | ... GS108: =AR -> 3000 | GT108: =AS -> 4000 | GU108: =AS -> 4000 | GV108: =AR -> 3000 | GW108: =AR -> 3000 | GX108: =AR -> 3000 | GY108: =AR -> 3000 | GZ108: =AR -> 3000 | HA108: =AR -> 3000 | HB108: =AR -> 3000 | HC108: =AR -> 3000
AW109: =RJ -> 29000 | AX109: =RJ -> 29000 | AY109: =RJ -> 29000 | AZ109: =RJ -> 29000 | BA109: =RJ -> 29000 | BB109: =RJ -> 29000 | BC109: =RJ -> 29000 | BD109: =RJ -> 29000 | ... BR109: =RJ -> 29000 | BS109: =HR -> 13000 | BT109: =HR -> 13000 | BU109: =HR -> 13000 | BV109: =HR -> 13000 | BW109: =HR -> 13000 | BX109: =HR -> 13000 | BY109: =HR -> 13000 | BZ109: =HR -> 13000 | CA109: =DL -> 10000 | CB109: =DL -> 10000 | CC109: =DL -> 10000 | CD109: =UP -> 35000 | CE109: =UP -> 35000 | CF109: =UP -> 35000 | CG109: =UP -> 35000 | CH109: =UP -> 35000 | CI109: =UP -> 35000 | CJ109: =UP -> 35000 | CK109: =UP -> 35000 | ... CY109: =UP -> 35000 | GA109: =AR -> 3000 | GB109: =AR -> 3000 | GC109: =AR -> 3000 | GD109: =AR -> 3000 | GE109: =AR -> 3000 | GF109: =AR -> 3000 | GG109: =AR -> 3000 | GH109: =AR -> 3000 | ... GP109: =AR -> 3000 | GQ109: =AS -> 4000 | GR109: =AS -> 4000 | GS109: =AS -> 4000 | GT109: =AS -> 4000 | GU109: =AS -> 4000 | GV109: =AR -> 3000 | GW109: =AR -> 3000 | GX109: =AR -> 3000 | GY109: =AR -> 3000 | GZ109: =AR -> 3000 | HA109: =AR -> 3000 | HB109: =AR -> 3000 | HC109: =AR -> 3000
AV110: =RJ -> 29000 | AW110: =RJ -> 29000 | AX110: =RJ -> 29000 | AY110: =RJ -> 29000 | AZ110: =RJ -> 29000 | BA110: =RJ -> 29000 | BB110: =RJ -> 29000 | BC110: =RJ -> 29000 | ... BR110: =RJ -> 29000 | BS110: =HR -> 13000 | BT110: =HR -> 13000 | BU110: =HR -> 13000 | BV110: =HR -> 13000 | BW110: =HR -> 13000 | BX110: =HR -> 13000 | BY110: =HR -> 13000 | BZ110: =HR -> 13000 | CA110: =DL -> 10000 | CB110: =DL -> 10000 | CC110: =DL -> 10000 | CD110: =UP -> 35000 | CE110: =UP -> 35000 | CF110: =UP -> 35000 | CG110: =UP -> 35000 | CH110: =UP -> 35000 | CI110: =UP -> 35000 | CJ110: =UP -> 35000 | CK110: =UP -> 35000 | ... CZ110: =UP -> 35000 | GA110: =AR -> 3000 | GB110: =AR -> 3000 | GC110: =AR -> 3000 | GD110: =AR -> 3000 | GE110: =AR -> 3000 | GF110: =AR -> 3000 | GG110: =AR -> 3000 | GH110: =AR -> 3000 | ... GP110: =AR -> 3000 | GQ110: =AS -> 4000 | GR110: =AS -> 4000 | GS110: =AS -> 4000 | GT110: =AS -> 4000 | GU110: =AS -> 4000 | GV110: =AR -> 3000 | GW110: =AR -> 3000 | GX110: =AR -> 3000 | GY110: =AR -> 3000 | GZ110: =AR -> 3000 | HA110: =AR -> 3000 | HB110: =AR -> 3000
AV111: =RJ -> 29000 | AW111: =RJ -> 29000 | AX111: =RJ -> 29000 | AY111: =RJ -> 29000 | AZ111: =RJ -> 29000 | BA111: =RJ -> 29000 | BB111: =RJ -> 29000 | BC111: =RJ -> 29000 | ... BS111: =RJ -> 29000 | BT111: =HR -> 13000 | BU111: =HR -> 13000 | BV111: =HR -> 13000 | BW111: =HR -> 13000 | BX111: =HR -> 13000 | BY111: =HR -> 13000 | BZ111: =HR -> 13000 | CA111: =HR -> 13000 | CB111: =DL -> 10000 | CC111: =HR -> 13000 | CD111: =UP -> 35000 | CE111: =UP -> 35000 | CF111: =UP -> 35000 | CG111: =UP -> 35000 | CH111: =UP -> 35000 | CI111: =UP -> 35000 | CJ111: =UP -> 35000 | CK111: =UP -> 35000 | ... DA111: =UP -> 35000 | GA111: =AR -> 3000 | GB111: =AR -> 3000 | GC111: =AR -> 3000 | GD111: =AR -> 3000 | GE111: =AR -> 3000 | GF111: =AR -> 3000 | GG111: =AR -> 3000 | GH111: =AR -> 3000 | ... GO111: =AR -> 3000 | GP111: =AS -> 4000 | GQ111: =AS -> 4000 | GR111: =AS -> 4000 | GS111: =AS -> 4000 | GT111: =AS -> 4000 | GU111: =AS -> 4000 | GV111: =AR -> 3000 | GW111: =AR -> 3000 | GX111: =AR -> 3000 | GY111: =AR -> 3000 | GZ111: =AR -> 3000 | HA111: =AR -> 3000 | HB111: =AR -> 3000
AU112: =RJ -> 29000 | AV112: =RJ -> 29000 | AW112: =RJ -> 29000 | AX112: =RJ -> 29000 | AY112: =RJ -> 29000 | AZ112: =RJ -> 29000 | BA112: =RJ -> 29000 | BB112: =RJ -> 29000 | ... BT112: =RJ -> 29000 | BU112: =HR -> 13000 | BV112: =HR -> 13000 | BW112: =HR -> 13000 | BX112: =HR -> 13000 | BY112: =HR -> 13000 | BZ112: =HR -> 13000 | CA112: =HR -> 13000 | CB112: =HR -> 13000 | CC112: =HR -> 13000 | CD112: =UP -> 35000 | CE112: =UP -> 35000 | CF112: =UP -> 35000 | CG112: =UP -> 35000 | CH112: =UP -> 35000 | CI112: =UP -> 35000 | CJ112: =UP -> 35000 | CK112: =UP -> 35000 | ... DC112: =UP -> 35000 | EY112: =SK -> 30000 | EZ112: =SK -> 30000 | FX112: =AR -> 3000 | FY112: =AR -> 3000 | FZ112: =AR -> 3000 | GA112: =AR -> 3000 | GB112: =AR -> 3000 | GC112: =AR -> 3000 | GD112: =AR -> 3000 | GE112: =AR -> 3000 | ... GN112: =AR -> 3000 | GO112: =AS -> 4000 | GP112: =AS -> 4000 | GQ112: =AS -> 4000 | GR112: =AS -> 4000 | GS112: =AS -> 4000 | GT112: =AS -> 4000 | GU112: =AS -> 4000 | GV112: =AR -> 3000 | GW112: =AR -> 3000 | GX112: =AR -> 3000 | GY112: =AR -> 3000 | GZ112: =AR -> 3000 | HA112: =AR -> 3000 | HB112: =AR -> 3000
...
